 Dungeon Crawl Stone Soup version 0.32-a0-119-g2e8054a (webtiles) character file.

Game seed: 17611312900020846566

20223405 jagoly the Merry Demigod (level 27, 273/273 HPs)
             Began as a Demigod Hunter on Feb 6, 2024.
             Escaped with the Orb
             ... and 15 runes
             ... and 3 gems (1 intact)!
             The game lasted 09:40:21 (76770 turns).

jagoly the Merry Demigod (Demigod Hunter)          Turns: 76770, Time: 09:40:22

Health: 273/273    AC: 29    Str:  7 (16) XL:     27
Magic:  27/27      EV: 68    Int: 11 (15) God:
Gold:   8390       SH:  0    Dex: 57      Spells: 19/26 levels left

rFire   + + +        a - +9 triple crossbow (heavy)
rCold   + + .        (shield currently unavailable)
rNeg    + + +        X - +1 leather armour of the Big Bang {rElec Regen+ Dex-2 SInv}
rPois   ∞            Y - +3 helmet of Viarir {Str+4}
rElec   +            x - +4 dragonskin cloak
rCorr   .            e - +2 pair of gloves
SInv    +            C - +3 pair of boots of Moral Flaws {rC+ Regen+ Int+4}
Will    +++..        d - amulet of Vitality {RegenMP++ Regen++}
Stlth   +++          p - ring "Jacwed" {Wiz rF++ Slay+2}
HPRegen 3.85/turn    M - ring of Wouqith {rF+ Dex+6}
MPRegen 1.00/turn

%: wizardry (x1)
@: death-form, studying 2 skills
A: vile attack, torment immunity, no potions, high MP 1, forlorn, divine
attributes, iridescent scales 2, MP-powered wands
0: Orb of Zot
}: 15/15 runes: barnacled, slimy, silver, golden, iron, obsidian, icy, bone,
abyssal, demonic, glowing, magical, fiery, dark, gossamer
a: Siphon Essence, Begin Untransformation


You escaped.
You were an undying horror.
You visited 17 branches of the dungeon, and saw 86 of its levels.
You visited Pandemonium 2 times, and saw 19 of its levels.
You visited the Abyss 2 times.
You visited 1 ziggurat, and saw 8 of its levels.
You also visited: Sewer, Bailey, Gauntlet, Volcano, Wizlab and Desolation.

You collected 14710 gold pieces.
You spent 6320 gold pieces at shops.

Inventory:

Hand Weapons
 a - a +9 heavy triple crossbow (weapon)
 b - a +7 antimagic longbow
 w - the +3 hand cannon "Oneuc" {penet, *Corrode rElec Str-3 Dex+5}
   (You bought it in a shop on level 5 of the Realm of Zot)

   Str-3:     It affects your strength (-3).
   Dex+5:     It affects your dexterity (+5).
   rElec:     It insulates you from electricity.
   *Corrode:  It may corrode you when you take damage.
 V - the +2 longbow of Keal {freeze, Str+2 Dex+6}
   (You acquired it on level 2 of the Orcish Mines)

   Str+2:     It affects your strength (+2).
   Dex+6:     It affects your dexterity (+6).
Missiles
 g - 7 darts of dispersal
 z - 17 curare-tipped darts
 A - a throwing net
 W - 20 silver javelins
Armour
 e - a +2 pair of gloves (worn)
 x - the +4 dragonskin cloak (worn)
   (You took it off Tiamat on level 2 of the Realm of Zot)

   Avatar's Aegis: It grants the wearer a chance to resist fire, cold, poison,
   electricity, acid, and negative energy.
 C - the +3 pair of boots of Moral Flaws (worn) {rC+ Regen+ Int+4}
   (You found it in the Desolation of Salt)

   Int+4:     It affects your intelligence (+4).
   rC+:       It protects you from cold.
   Regen+:    It increases your rate of health regeneration.
 X - the +1 leather armour of the Big Bang (worn) {rElec Regen+ Dex-2 SInv}
   (You found it on level 1 of the Lair of Beasts)

   Dex-2:     It affects your dexterity (-2).
   rElec:     It insulates you from electricity.
   SInv:      It lets you see invisible.
   Regen+:    It increases your rate of health regeneration.
 Y - the +3 helmet of Viarir (worn) {Str+4}
   (You found it on level 5 of the Pits of Slime)

   Str+4:     It affects your strength (+4).
Jewellery
 d - the amulet of Vitality (around neck) {RegenMP++ Regen++}
   (You took it off a skeletal warrior on level 3 of the Crypt)

   [amulet of magic regeneration]

   RegenMP:   It increases your rate of magic regeneration.
   Regen++:   It increases your rate of health regeneration.
 o - the ring of Light {Fly rC++ AC+4 Str-5}
   (You found it on level 1 of the Vaults)

   [ring of protection]

   AC+4:      It affects your AC (+4).
   Str-5:     It affects your strength (-5).
   rC++:      It greatly protects you from cold.
   Fly:       It grants you flight.
 p - the ring "Jacwed" (left hand) {Wiz rF++ Slay+2}
   (You found it on level 7 of Tartarus)

   [ring of wizardry]

   Wiz:       It improves your spell success rate.
   Slay+2:    It affects your accuracy & damage with ranged weapons and melee
   (+2).
   rF++:      It greatly protects you from fire.
 M - the ring of Wouqith (right hand) {rF+ Dex+6}
   (You found it in the Desolation of Salt)

   [ring of dexterity]

   Dex+6:     It affects your dexterity (+6).
   rF+:       It protects you from fire.
 P - the ring of Eratsat {rPois Will++}
   (You found it on level 7 of a ziggurat)

   [ring of poison resistance]

   rPois:     It protects you from poison Will++: It greatly increases your
   willpower.
Talismans
 u - a talisman of death (active)
Wands
 n - a wand of iceblast (106)
 B - a wand of charming (44)
 E - a wand of digging (7)
 H - a wand of mindburst (32)
 Z - a wand of quicksilver (22)
Scrolls
 j - 17 scrolls of teleportation
 k - 8 scrolls of fog
 m - a scroll of enchant weapon
 s - a scroll of immolation
 t - 2 scrolls of butterflies
 y - 2 scrolls of revelation
 D - 3 scrolls of blinking
 J - 8 scrolls of vulnerability
 K - 9 scrolls of fear
 L - 10 scrolls of poison
 U - 4 scrolls of silence
Potions
 c - 17 potions of mutation
 f - 21 potions of curing
 h - 11 potions of cancellation
 l - 7 potions of magic
 q - 12 potions of heal wounds
 F - 4 potions of haste
 G - 8 potions of resistance
 N - 6 potions of invisibility
 Q - 10 potions of ambrosia
 S - 6 potions of enlightenment
Miscellaneous
 i - a lightning rod (4/4)
 r - a figurine of a ziggurat
 v - a sack of spiders
 I - a condenser vane
 O - a phial of floods
 T - a phantom mirror


   Skills:
 O Level 27 Fighting
 O Level 27 Ranged Weapons
 - Level 6.0 Throwing
 - Level 16.0 Armour
 O Level 27 Dodging
 + Level 14.6 Stealth
 - Level 8.0 Hexes
 - Level 15.0 Translocations
 O Level 27 Evocations
 - Level 23.0 Shapeshifting


You had 19 spell levels left.
You knew the following spells:

 Your Spells              Type           Power      Damage    Failure   Level
q - Apportation           Tloc           66%        N/A       1%          1
x - Dimensional Bullseye  Hex/Tloc       12%        N/A       1%          4
B - Blink                 Tloc           66%        N/A       1%          2

Your spell library contained the following spells:

 Spells                   Type           Power      Damage    Failure   Level
 Slow                     Hex            68%        N/A       1%          1
 Jinxbite                 Hex            34%        N/A       1%          2
 Lesser Beckoning         Tloc           66%        N/A       1%          2
 Momentum Strike          Conj/Tloc      32%        3d8       1%          2
 Confusing Touch          Hex            17%        N/A       1%          3
 Gell's Gravitas          Tloc           33%        N/A       1%          3
 Sigil of Binding         Hex            17%        N/A       1%          3
 Teleport Other           Tloc           33%        N/A       1%          3
 Tukima's Dance           Hex            17%        N/A       1%          3
 Manifold Assault         Tloc           33%        N/A       1%          4
 Volatile Blastmotes      Fire/Tloc      32%        2d12      2%          3
 Ensorcelled Hibernation  Hex/Ice        16%        N/A       5%          2
 Dispersal                Tloc           16%        N/A       6%          6
 Cause Fear               Hex            8%         N/A       7%          4
 Iskenderun's Mystic Bla  Conj/Tloc      16%        2d5       9%          4
 Vhi's Electric Charge    Tloc/Air       32%        N/A       9%          4
 Dazzling Flash           Conj/Hex       16%        N/A       11%         3
 Inner Flame              Hex/Fire       8%         N/A       11%         3
 Freeze                   Ice            0%         1d3       17%         1
 Magic Dart               Conj           0%         1d3       17%         1
 Necrotise                Necr           0%         1d4       17%         1
 Sandblast                Erth           0%         2d4       17%         1
 Shock                    Conj/Air       0%         1d3       17%         1
 Sting                    Conj/Alch      0%         1d3       17%         1
 Summon Small Mammal      Summ           0%         N/A       17%         1
 Summon Forest            Summ/Tloc      8%         N/A       22%         5
 Call Imp                 Summ           0%         N/A       26%         2
 Cigotuvi's Dreadful Rot  Necr/Alch/Air  0%         N/A       26%         2
 Mercury Vapours          Alch/Air       0%         N/A       26%         2
 Scorch                   Fire           0%         2d5       26%         2
 Searing Ray              Conj           0%         2d4       26%         2
 Static Discharge         Conj/Air       0%         3-3/arc   26%         2
 Sublimation of Blood     Necr           0%         N/A       26%         2
 Anguish                  Hex/Necr       4%         N/A       32%         4
 Call Canine Familiar     Summ           0%         N/A       45%         3
 Frozen Ramparts          Ice            0%         1d1       45%         3
 Hailstorm                Conj/Ice       0%         3d5       45%         3
 Mephitic Cloud           Conj/Alch/Air  0%         N/A       45%         3
 Ozocubu's Armour         Ice            0%         N/A       45%         3
 Passwall                 Erth           0%         N/A       45%         3
 Stone Arrow              Conj/Erth      0%         3d7       45%         3
 Summon Ice Beast         Ice/Summ       0%         N/A       45%         3
 Swiftness                Air            0%         N/A       45%         3
 Vampiric Draining        Necr           0%         2d6       45%         3
 Metabolic Englaciation   Hex/Ice        4%         N/A       65%         5
 Silence                  Hex/Air        4%         N/A       65%         5
 Yara's Violent Unravell  Hex/Alch       4%         3d4       65%         5
 Airstrike                Air            0%         2d(0-16)  85%         4
 Animate Armour           Summ/Erth      0%         N/A       85%         4
 Animate Dead             Necr           0%         N/A       85%         4
 Dispel Undead            Necr           0%         3d6       85%         4
 Flame Wave               Conj/Fire      0%         2d4       85%         4
 Fulminant Prism          Conj/Alch      0%         3d5       85%         4
 Leda's Liquefaction      Alch/Erth      0%         N/A       85%         4
 Martyr's Knell           Necr/Summ      0%         N/A       85%         4
 Olgreb's Toxic Radiance  Alch           0%         N/A       85%         4
 Sticky Flame             Fire/Alch      0%         2d4       85%         4
 Summon Blazeheart Golem  Fire/Summ      0%         N/A       85%         4
 Summon Lightning Spire   Summ/Air       0%         N/A       85%         4
 Disjunction              Tloc           16%        N/A       91%         8
 Alistair's Intoxication  Alch           0%         N/A       99%         5
 Borgnjor's Vile Clutch   Necr/Erth      0%         N/A       99%         5
 Curse of Agony           Necr           0%         N/A       99%         5
 Fireball                 Conj/Fire      0%         3d3       99%         5
 Freezing Cloud           Conj/Ice/Air   0%         6-21      99%         5
 Irradiate                Conj/Alch      0%         3d11      99%         5
 Iskenderun's Battlesphe  Conj           0%         2d6       99%         5
 Lee's Rapid Deconstruct  Erth           0%         3d4*      99%         5
 Enfeeble                 Hex            8%         N/A       99%         7
 Malign Gateway           Summ/Tloc      8%         N/A       99%         7
 Bombard                  Conj/Erth      0%         9d1       100%        6
 Conjure Ball Lightning   Conj/Air       0%         3x3d6     100%        6
 Death Channel            Necr           0%         N/A       100%        6
 Eringya's Noxious Bog    Alch           0%         4d6       100%        6
 Sculpt Simulacrum        Ice/Alch       0%         N/A       100%        6
 Starburst                Conj/Fire      0%         6d3       100%        6
 Summon Cactus Giant      Summ           0%         N/A       100%        6
 Haunt                    Necr/Summ      0%         N/A       100%        7
 Monstrous Menagerie      Summ           0%         N/A       100%        7
 Orb of Destruction       Conj           0%         9d5       100%        7
 Ozocubu's Refrigeration  Ice            0%         4d7       100%        7
 Spellforged Servitor     Conj/Summ      0%         N/A       100%        7
 Summon Hydra             Summ           0%         N/A       100%        7
 Borgnjor's Revivificati  Necr           0%         N/A       100%        8
 Discord                  Hex            8%         N/A       100%        8
 Ignition                 Fire           0%         3d3       100%        8
 Infestation              Necr           0%         N/A       100%        8
 Lehudib's Crystal Spear  Conj/Erth      0%         10d2      100%        8
 Maxwell's Capacitive Co  Air            0%         ∞         100%        8
 Summon Horrible Things   Summ           0%         N/A       100%        8
 Chain Lightning          Conj/Air       0%         N/A       100%        9
 Death's Door             Necr           0%         N/A       100%        9
 Dragon's Call            Summ           0%         N/A       100%        9
 Fire Storm               Conj/Fire      0%         5d1       100%        9
 Polar Vortex             Ice            0%         N/A       100%        9
 Shatter                  Erth           0%         3d5*      100%        9


Dungeon Overview and Level Annotations

Branches:
Dungeon (15/15)            Temple (0/1) D:4            Lair (5/5) D:8
 Shoals (4/4) Lair:3       Spider (4/4) Lair:3        Slime (5/5) Lair:5
    Orc (2/2) D:10            Elf (3/3) Orc:2        Vaults (5/5) D:14
  Crypt (3/3) Vaults:2       Tomb (3/3) Crypt:3      Depths (4/4) D:15
   Hell (visited)             Dis (7/7) Hell            Geh (7/7) Hell
    Coc (7/7) Hell            Tar (7/7) Hell            Zot (5/5) Depths:4
  Sewer (visited)          Bailey (visited)         Volcano (visited)
 WizLab (visited)         Desolation (visited)      Gauntlet (visited)

Shops:
D:6 ?   Orc:2 !(?==   Elf:1 (   Elf:2 :   Elf:3 [   Shoals:3 :   Shoals:4 *
Vaults:1 *   Vaults:2 =   Vaults:4 (=   Zot:5 *   Depths:1 [=(=*   Depths:2 =:=

Portals:
Hell: Depths:1 Depths:2 Depths:3 Depths:4
Abyss: Depths:1 Depths:2 Depths:3
Pandemonium: Orc:2 Depths:2 Depths:3

Annotations:
Elf:2 3 runed translucent doors
Depths:3 2 runed translucent doors
Zot:1 2 transporters
Zot:3 1 transporter


Innate Abilities, Weirdness & Mutations

You are an undying horror.
Your melee and unarmed attacks drain, slow and weaken victims.
You are immune to unholy pain and torment.
You cannot drink.
You are immune to poison.
You have an increased reservoir of magic. (+10% MP)
You shall have no god before yourself.
Your divine heritage dramatically boosts your attributes as you level up.
You are mostly covered in iridescent scales. (AC +4)
You expend magic power (3 MP) to strengthen your wands.


Message History

The Killer Klown blinks!
The electric golem completely misses you. x4
Cast which spell? (? or * to list)
Aiming: Dimensional Bullseye (mildly dangerous; 2% risk of failure)
Press: ? - help, Dir - move target, f - dread lich
Aim: a dread lich You create a dimensional link between your ranged weaponry and the dread lich.
The electric golem completely misses you. x4
The storm dragon breathes lightning at you.
The bolt of lightning misses you.
The electric golem blinks!
You shoot an arrow.
The arrow hits the white draconian stormcaller but does no damage.
The white draconian stormcaller is lightly wounded.
Your projectile teleports!
The arrow hits the dread lich.
The dread lich is lightly damaged.
The Killer Klown completely misses you.
You shoot an arrow.
The arrow hits the white draconian stormcaller but does no damage.
The white draconian stormcaller is lightly wounded.
Your projectile teleports!
The arrow hits the dread lich!
The dread lich is lightly damaged.
The Killer Klown completely misses you. The storm dragon completely misses you.
The storm dragon misses you. The storm dragon closely misses you.
The white draconian stormcaller completely misses you.
The dread lich casts a spell.
The electric golem blinks!
You shoot an arrow.
The arrow hits the white draconian stormcaller!!
The arrow freezes the white draconian stormcaller.
The white draconian stormcaller is heavily wounded.
Your projectile teleports!
The arrow hits the dread lich!!
The arrow freezes the dread lich.
The dread lich is heavily damaged.
The electric golem blinks!
The Killer Klown blinks!
The storm dragon completely misses you. x3
The white draconian stormcaller breathes frost at you.
The blast of cold misses you.
You shoot an arrow.
The arrow hits the white draconian stormcaller!
The arrow freezes the white draconian stormcaller.
The white draconian stormcaller is severely wounded.
Your projectile teleports!
The arrow hits the dread lich!
The dread lich is heavily damaged.
The Killer Klown blinks!
The storm dragon breathes lightning at you.
The bolt of lightning misses you.
The white draconian stormcaller prays to Qazlal.
You shoot an arrow.
The arrow hits the white draconian stormcaller!!
The arrow freezes the white draconian stormcaller.
You kill the white draconian stormcaller!
The wind drake disappears in a puff of smoke!
The death drake disappears in a puff of smoke!
The rime drake disappears in a puff of smoke!
The swamp drake disappears in a puff of smoke!
Your projectile teleports!
The arrow hits the dread lich but does no damage.
The dread lich is heavily damaged.
The electric golem hurls lightning at you.
The bolt of lightning misses you. The Killer Klown pies you viciously!
The klown pie misses you. The storm dragon completely misses you.
The storm dragon barely misses you. The storm dragon completely misses you.
You shoot an arrow. The arrow hits the storm dragon!!!
The arrow freezes the storm dragon.
The storm dragon is heavily wounded.
Your projectile teleports!
The arrow hits the dread lich!!
The arrow freezes the dread lich.
The dread lich is almost destroyed.
The electric golem blinks!
The storm dragon breathes lightning at you.
The bolt of lightning misses you.
Fire: V) +2 longbow of Keal {freeze, Str+2 Dex+6}
Press: ? - help, Q - select action, (/) - cycle Shift-Dir - straight line, f/p - storm dragon
Aim: a storm dragon (heavily wounded, catching its breath, 85% to hit)
You shoot an arrow. The arrow hits the storm dragon!
The arrow freezes the storm dragon.
The storm dragon is severely wounded.
Your projectile teleports!
The arrow hits the dread lich!!!
The arrow freezes the dread lich.
You destroy the dread lich!
The hellion disappears in a puff of smoke!
The Killer Klown blinks!
The storm dragon completely misses you. The storm dragon claws you.
The storm dragon completely misses you.
You feel your strength returning.
Fire: V) +2 longbow of Keal {freeze, Str+2 Dex+6}
Press: ? - help, Q - select action, (/) - cycle Shift-Dir - straight line, f/p - storm dragon
Aim: a storm dragon (severely wounded, catching its breath, 85% to hit)
You shoot an arrow.
The arrow hits the storm dragon but does no damage.
The storm dragon is severely wounded.
The Killer Klown pies you viciously! The klown pie hits you!
Blueberry!
An unnatural silence engulfs you.
You shoot an arrow. The arrow hits the storm dragon!!
The arrow freezes the storm dragon!
The storm dragon is almost dead.
You are no longer corroded.
The storm dragon completely misses you. x3
You shoot an arrow. The arrow hits the storm dragon!!
The arrow freezes the storm dragon.
You kill the storm dragon!
You shoot an arrow.
The arrow closely misses the Killer Klown.
The Killer Klown blinks!
You shoot an arrow. The arrow hits the Killer Klown!
The arrow freezes the Killer Klown.
The Killer Klown is lightly wounded.
You shoot an arrow. The arrow hits the Killer Klown!!!
The arrow freezes the Killer Klown!!
The Killer Klown is heavily wounded.
The Killer Klown pounds you with a +10 club of electrocution.
You shoot an arrow.
The arrow barely misses the Killer Klown.
The Killer Klown pies you viciously! The klown pie misses you.
You shoot an arrow. The arrow hits the Killer Klown!!
The arrow freezes the Killer Klown.
The Killer Klown is severely wounded.
The Killer Klown closely misses you.
You shoot an arrow. The arrow hits the Killer Klown!!!
The arrow freezes the Killer Klown!!
You kill the Killer Klown!
No target in view!
Items here: $ ) [ †.
A moth of wrath comes into view.
A moth of wrath is nearby!
You shoot an arrow.
The moth of wrath's fur bristles in rage as it notices you.
The arrow hits the moth of wrath!!
The arrow freezes the moth of wrath!
The moth of wrath is severely wounded.
You shoot an arrow. The arrow hits the moth of wrath!!!
The arrow freezes the moth of wrath!
You kill the moth of wrath!
Your hearing returns.
You feel your intelligence returning.
No target in view!
Found 3 stones.
Things that are here:
7 gold pieces; a +0 dire flail; a yellow draconian corpse
Found a scimitar.
Found 6 stones.
You shoot an arrow. The arrow hits the electric golem!
The arrow freezes the electric golem.
The electric golem is lightly damaged.
The electric golem hurls lightning at you.
The bolt of lightning misses you.
You shoot an arrow. The arrow hits the electric golem!!
The arrow freezes the electric golem.
The electric golem is moderately damaged.
The electric golem hurls lightning at you.
The bolt of lightning misses you.
You shoot an arrow. The arrow hits the electric golem!!
The arrow freezes the electric golem.
The electric golem is heavily damaged.
You shoot an arrow. The arrow hits the electric golem!
The arrow freezes the electric golem.
The electric golem is severely damaged.
You shoot an arrow. The arrow hits the electric golem!
The arrow freezes the electric golem.
The electric golem is severely damaged.
The electric golem hurls lightning at you.
The bolt of lightning misses you.
You shoot an arrow. The arrow hits the electric golem!!!!
You destroy the electric golem!
No target in view!
An electric golem comes into view.
You shoot an arrow. The arrow hits the electric golem.
The electric golem is lightly damaged.
An Orb Guardian comes into view.
You shoot an arrow. The arrow hits the electric golem!!
The arrow freezes the electric golem.
The electric golem is moderately damaged.
You shoot an arrow. The arrow hits the electric golem!!
The arrow freezes the electric golem.
The electric golem is severely damaged.
You shoot an arrow. The arrow hits the electric golem!
The arrow freezes the electric golem.
The electric golem is severely damaged.
The electric golem blinks!
You shoot an arrow. The arrow hits the Orb Guardian!!
The arrow freezes the Orb Guardian!
The Orb Guardian is heavily wounded.
You shoot an arrow. The arrow hits the Orb Guardian!!
The arrow freezes the Orb Guardian!
You kill the Orb Guardian!
The electric golem blinks!
You shoot an arrow. The arrow hits the electric golem!!!
You destroy the electric golem!
Your Stealth skill increases to level 13!
No target in view!
No target in view!
Found a robe and 2 scrolls of butterflies.
No target in view!
An Orb Guardian comes into view.
You shoot an arrow. The arrow hits the Orb Guardian!!!
The arrow freezes the Orb Guardian.
The Orb Guardian is heavily wounded.
You shoot an arrow. The arrow hits the Orb Guardian.
The arrow freezes the Orb Guardian.
The Orb Guardian is heavily wounded.
You shoot an arrow. The arrow hits the Orb Guardian!!!
The arrow freezes the Orb Guardian.
You kill the Orb Guardian!
No target in view!
An Orb Guardian comes into view.
An Orb Guardian is nearby!
You shoot an arrow. The arrow hits the Orb Guardian!!
The arrow freezes the Orb Guardian!
The Orb Guardian is heavily wounded.
You shoot an arrow. The arrow hits the Orb Guardian!!!
The arrow freezes the Orb Guardian!
You kill the Orb Guardian!
You feel your strength returning.
No target in view!
No target in view!
t - 2 scrolls of butterflies An Orb Guardian comes into view.
An Orb Guardian comes into view. 2 Orb Guardians come into view.
The Orb Guardian enters a dispersal trap!
The Orb Guardian blinks! x3; You blink.
The Orb Guardian moves out of view. x2
No target in view!
You shoot an arrow. The arrow misses the Orb Guardian.
You shoot an arrow. The arrow hits the Orb Guardian!!!
The arrow freezes the Orb Guardian!
The Orb Guardian is severely wounded.
You shoot an arrow. The arrow hits the Orb Guardian!!
The arrow freezes the Orb Guardian!
You kill the Orb Guardian!
You shoot an arrow. The arrow hits the Orb Guardian!
The arrow freezes the Orb Guardian.
The Orb Guardian is lightly wounded.
The Orb Guardian enters a dispersal trap!
The orb of fire drops a net on you.
You avoid being caught in a net.
You blink.
You shoot an arrow. The arrow hits the Orb Guardian!!
The arrow freezes the Orb Guardian.
The Orb Guardian is severely wounded.
The Orb Guardian disappears!
You shoot an arrow.
The arrow closely misses the orb of fire.
The +2 longbow of Keal {freeze, Str+2 Dex+6} stops glowing.
a - a +9 heavy triple crossbow (weapon)
You shoot a bolt. The bolt hits the orb of fire!!
The orb of fire is lightly damaged.
The orb of fire disappears!
Found the Orb of Zot.
An Orb Guardian comes into view.
You shoot a bolt. The bolt hits the Orb Guardian!!!
The Orb Guardian is almost dead.
You shoot a bolt. The bolt hits the Orb Guardian!!!!
You kill the Orb Guardian!
You shoot a bolt. The bolt hits the Orb Guardian!!!!
You kill the Orb Guardian!
The Orb Guardian misses you.
You shoot a bolt.
The bolt barely misses the Orb Guardian.
The Orb Guardian completely misses you. x2
You shoot a bolt.
The bolt barely misses the Orb Guardian.
The Orb Guardian completely misses you. x3
You shoot a bolt. The bolt hits the Orb Guardian!!!!!
You kill the Orb Guardian!
An Orb Guardian comes into view.
You feel your strength returning.
An Orb Guardian comes into view. x2
You shoot a bolt. The bolt hits the Orb Guardian!!!!
You kill the Orb Guardian!
You shoot a bolt. The bolt hits the Orb Guardian!!!!!
You kill the Orb Guardian!
You shoot a bolt. The bolt hits the Orb Guardian!!!!
You kill the Orb Guardian!
No target in view!
You see here the Orb of Zot.
You shoot a bolt. The bolt hits the orb of fire!!!!!
You destroy the orb of fire!
You feel your intelligence returning.
You pick up the Orb of Zot!
The Orb lets out an ear-shattering shriek!
The lords of Pandemonium are not amused.
Beware!
Now all you have to do is get back out of the dungeon!
You hear a deafening roar! x2; You hear a roar! x3
You enter a permanent teleport trap!
Your surroundings suddenly seem different.
An Orb Guardian and a storm dragon come into view.
Found a scroll of teleportation.
The storm dragon breathes lightning at you.
The bolt of lightning misses you.
You hear a shout!
A Killer Klown comes into view. It is wielding a +10 club.
A Killer Klown comes into view. It is wielding a +12 club of freezing.
Found a potion of attraction.
The Orb Guardian completely misses you.
You enter a permanent teleport trap!
Your surroundings suddenly seem different.
A large abomination comes into view.
There is an open door here.
There is an open door here.
You close the door.
There is a stone staircase leading up here.
You climb upwards.
There is a stone staircase leading down here.
What level of the Dungeon? (default 15, ? - help)
An ice devil comes into view.
Items here: [[ ÷÷÷.
You shoot a bolt.
The bolt completely misses the ice devil.
You shoot a bolt. The bolt closely misses the ice devil.
You shoot a bolt. The bolt hits the ice devil!!!!
You kill the ice devil!
What level of the Dungeon? (default 1, ? - help)
You see here a +0 dire flail.
Items here: )))) [ ÷÷÷.
There is a stone staircase leading up, spattered with blood here.
You climb upwards.
Level annotation: 1 transporter
There is a stone staircase leading down here.
There is a stone staircase leading up here.
You climb upwards.
There is a stone staircase leading down here.
A Tzitzimitl comes into view.
The Tzitzimitl roars!
You shoot a bolt. The bolt hits the Tzitzimitl.
The Tzitzimitl is lightly wounded.
The Tzitzimitl gestures at you.
You convulse!
You shoot a bolt. The bolt hits the Tzitzimitl!!!!!
You kill the Tzitzimitl!
Your Stealth skill increases to level 14!
What level of the Dungeon? (default 1, ? - help)
There is a stone staircase leading up here.
You climb upwards.
Level annotation: 2 transporters
There is a stone staircase leading down here.
HP restored.
There is a gate leading back out of this place, spattered with blood here.
Things that are here:
a +0 war axe; a +1 great sword You go up through the gate.
Welcome back to the Depths!
There is a gate to the Realm of Zot, spattered with blood here.
HP restored.
You see here a shadow dragon skeleton.
A Taphet, an ice devil and a sun demon come into view.
There is a stone staircase leading up, spattered with blood here.
Press: ? - help, v - describe, . - travel
Here: Taphet, armed with a vampiric touch The floor.
You shoot a bolt. The bolt hits Taphet!!!!!
Taphet is almost dead.
You shoot a bolt. The bolt hits Taphet!!!!
You kill Taphet!
You feel your intelligence returning.
You shoot a bolt. The bolt closely misses the sun demon.
The bolt hits the ice devil!
The ice devil is moderately wounded.
You shoot a bolt. The bolt hits the sun demon!!!!!
You kill the sun demon!
You shoot a bolt. The bolt hits the ice devil!!!!
You kill the ice devil!
What level of the Dungeon? (default 1, ? - help)
You climb upwards.
Level annotation: 2 runed translucent doors
There is a stone staircase leading down here.
There is a stone staircase leading up here.
You climb upwards.
There is a stone staircase leading down here.
There is a stone staircase leading up here.
You climb upwards.
There is a stone staircase leading down here.
There is a staircase back to the Dungeon, spattered with blood here.
You climb upwards.
Welcome back to the Dungeon!
There is a staircase to the Depths, spattered with blood here.
Things that are here:
a +0 troll leather armour; a deep troll skeleton
There is an open door, spattered with blood here.
There is an open door here.
You see here an ugly thing skeleton.
You see here an ugly thing skeleton.
You see here an ugly thing skeleton.
Things that are here:
an ugly thing skeleton; an ugly thing skeleton An Orb Guardian comes into view.
You shoot a bolt.
The bolt closely misses the Orb Guardian.
You shoot a bolt. The bolt hits the Orb Guardian!!!
The Orb Guardian is severely wounded.
You shoot a bolt. The bolt hits the Orb Guardian!!!!!
You kill the Orb Guardian!
You feel your intelligence returning.
No target in view!
What level of the Dungeon? (default 1, ? - help)
A Hell Sentinel comes into view.
You shoot a bolt. The bolt hits the Hell Sentinel!!!!
The Hell Sentinel is heavily wounded.
You shoot a bolt. The bolt hits the Hell Sentinel!!!
The Hell Sentinel is almost dead.
You shoot a bolt.
The bolt barely misses the Hell Sentinel.
The Hell Sentinel gestures at you.
The sphere of damnation explodes!
The damnation engulfs you!!
You shoot a bolt. The bolt hits the Hell Sentinel!!
You kill the Hell Sentinel!
What level of the Dungeon? (default 1, ? - help) HP restored.
Things that are here:
6 boomerangs; a +0 shortbow A hell hound comes into view.
You shoot a bolt. The bolt hits the hell hound!!!!
You kill the hell hound!
No target in view!
No target in view!
What level of the Dungeon? (default 1, ? - help)
A hell hound comes into view.
You shoot a bolt. The hell hound barks!
The bolt hits the hell hound!!!!!
You kill the hell hound!
A hell hound comes into view. x2
You shoot a bolt. The bolt hits the hell hound!!!!!
You kill the hell hound!
You shoot a bolt. The bolt hits the hell hound.
The hell hound is lightly wounded.
The hell hound breathes flames at you. The blast of flame hits you. You resist.
The hell hound misses you.
You shoot a bolt. The bolt hits the hell hound!!!!
You kill the hell hound!
No target in view!
No target in view!
What level of the Dungeon? (default 1, ? - help)
You see here a hell hound corpse.
There is an open door here.
There is an open door here.
There is a stone staircase leading up here.
You climb upwards.
There is a stone staircase leading down here.
There is a stone staircase leading up here.
You climb upwards.
There is a stone staircase leading down, spattered with blood here.
There is a stone staircase leading up here.
You climb upwards.
There is a stone staircase leading down here.
There is a stone staircase leading down here.
There is a stone staircase leading up here.
You climb upwards.
There is a stone staircase leading down here.
There is a stone staircase leading up here.
You climb upwards.
There is a stone staircase leading down, spattered with blood here.
You see here a +0 shortbow.
There is a stone staircase leading up here.
You climb upwards.
There is a stone staircase leading down here.
There is a stone staircase leading up here.
You climb upwards.
There is a stone staircase leading down here.
Things that are here:
a +0 short sword; a kobold skeleton
Things that are here:
a +0 whip; a kobold skeleton You see here a +0 whip.
You see here a +0 club.
There is a stone staircase leading up here.
You climb upwards.
There is a stone staircase leading down here.
Things that are here:
a +0 whip; a kobold skeleton
Things that are here:
a +0 dagger; an orc skeleton
There is a stone staircase leading up here.
You climb upwards.
There is a stone staircase leading down here.
There is a stone staircase leading up here.
You climb upwards.
There is a stone staircase leading down here.
There is a stone staircase leading up here.
You climb upwards.
There is a stone staircase leading down here.
You see here a gnoll skeleton.
There is a stone staircase leading up here.
You climb upwards.
There is a stone staircase leading down here.
There is a stone staircase leading up here.
You climb upwards.
There is a stone staircase leading down here.
A daeva comes into view.
It is wielding a +4 scimitar of holy wrath.
An external divine halo illuminates you.
You are an undying horror.
You are glowing.
You are studying Polearms and Throwing.
Your movement speed is average.
Your attack delay is about 1.5 (and cannot be improved with additional weapon skill).
Your damage rating with your +9 heavy triple crossbow is about 210 (Base [23 + 18 (Hvy)] x 217% (Dex) x 223% (Skill) + 11 (Ench + Slay)).
Your base attributes are Str 12, Int 11, Dex 53.
You shoot a bolt. The bolt hits the daeva!!!!!
You kill the daeva!
What level of the Dungeon? (default 1, ? - help)
There is an open door here.
There is an open door here.
There is a stone staircase leading up here.
You climb upwards.
There is a stone staircase leading down here.
There is a staircase leading out of the dungeon here.
You can't go down here!
You have escaped!

#.#####################...##
#...## ##..##.### #....#
######### #...##.####
#....###...ß...###..........
#....##..ß...ß..##...#####..
##...#ß.........ß#...#####..
#......ß.....ß.........##..
#...#ß.........ß#...##.##..
#...##..ß.z.ß..##...##.##..
#...###...ß...###...##.....
#...# ######### #......###.
#..## ##..#### #. #### ####
#. ##


There were no monsters in sight!

Vanquished Creatures
  Cerebov (Pan)
  Asmodeus (Geh:7)
  Antaeus (Coc:7)
  the Royal Jelly (Slime:5)
  Ereshkigal (Tar:7)
  Mnoleg (Pan)
  the Serpent of Hell (Dis:7)
  Gloorx Vloq (Pan)
  Lom Lobon (Pan)
  Dispater (Dis:7)
  Tiamat (Zot:2)
  8 dread liches
  3 orbs of fire (Zot:5)
  Mennas (Pan)
  11 ancient liches
  Mara (Vaults:5)
  4 juggernauts
  Xtahua (Vaults:5)
  37 royal mummies
  7 Killer Klowns
  12 shard shrikes
  3 curse toes
  The ghost of kasel the Peltast, a veteran FoFi of Okawaru (Elf:3)
  9 golden dragons
  23 caustic shrikes
  Geryon (Hell)
  34 bone dragons
  6 profane servitors
  7 pandemonium lords
  17 Tzitzimimeh
  9 doom hounds
  2 shard shrike zombies (Tar:7)
  15 Brimstone Fiends
  3 electric golems
  18 hellephants
  34 Hell Sentinels
  16 Ice Fiends
  Mlioglotl (Lair:3)
  22 Orb Guardians
  18 tentacled monstrosities
  9 liches
  18 tainted leviathans
  13 iron giants
  3 deep elf blademasters
  A deep elf master archer (Elf:3)
  9 quicksilver dragons
  16 titans
  13 acid blobs
  35 searing wretches
  Murray (Depths:2)
  20 Executioners
  58 ancient champions
  12 sphinxes
  A kraken (Shoals:2)
  Kirke (Lair:5)
  9 death cobs
  15 storm dragons
  2 thorn hunters (Abyss:3)
  Roxanne (Spider:4)
  Polyphemus (Shoals:2)
  15 shadow dragons
  An eldritch tentacle (Tomb:2)
  A nagaraja (Pan)
  3 tengu reavers
  5 draconian monks
  Ilsuiw (Shoals:4)
  9 rockslimes
  8 protean progenitors
  10 azure jellies
  9 frost giants
  A daeva (D:2)
  11 demonspawn warmongers (Pan)
  6 draconian shifters
  9 revenants
  13 deep elf sorcerers
  24 quicksilver elementals
  An imperial myrmidon (Desolation)
  7 emperor scorpions
  5 draconian knights
  18 vault wardens
  5 iron dragons
  2 draconian scorchers
  14 fire giants
  A caustic shrike zombie (Tar:7)
  8 ghost moths
  10 shard shrike simulacra
  Louise (Spider:1)
  14 narguns
  42 balrugs
  14 ghouls
  5 deep elf elementalists (Elf:3)
  9 curse skulls
  2 orc warlords
  An angel (Abyss:3)
  A broodmother (Spider:3)
  30 reapers
  A spectral caustic shrike (Tar:3)
  4 demonspawn corrupters (Pan)
  11 cacodemons (Pan)
  3 caustic shrike skeletons (Pan)
  23 ironbound preservers
  9 draconian stormcallers
  7 draconian annihilators
  11 demonspawn blood saints
  2 formless jellyfish (Vaults:2)
  2 spriggan defenders (Depths:4)
  7 quicksilver oozes
  24 elemental wellsprings
  14 stone giants
  10 vampire knights
  5 very ugly things (Pan)
  4 deep elf demonologists
  17 black draconians
  A rockslime zombie (Crypt:2)
  8 bennus
  12 demonspawn black suns (Pan)
  14 putrid mouths
  14 green draconians
  7 ironbound thunderhulks
  14 lorocyprocas
  3 deep elf death magi
  23 war gargoyles
  7 deep elf annihilators
  17 wendigos
  The ghost of Qiar the Fighter, a journeyman DsGl of Cheibriados (Lair:4)
  16 purple draconians
  7 red draconians
  8 white draconians
  10 yellow draconians
  9 starcursed masses (Abyss:3)
  3 spark wasps
  9 dire elephants
  5 crystal guardians
  2 halazid warlocks (Desolation)
  35 iron golems
  7 green deaths
  11 blizzard demons
  7 entropy weavers
  11 merfolk javelineers
  2 spectral spriggans
  11 eidola
  An entropy weaver (shapeshifter) (D:14)
  10 ettins
  7 fire dragons
  15 yaktaur captains
  7 deep elf high priests (Elf:3)
  11 merfolk impalers
  17 mummy priests
  7 ragged hierophants (Desolation)
  18 jiangshi
  An ice dragon (shapeshifter) (Zig:8)
  2 spectral shadow dragons
  A fenstrider witch zombie (Tomb:1)
  5 servants of whispers (Desolation)
  3 salamander tyrants
  32 vault guards
  7 great orbs of eyes
  4 hell beasts
  A radroach (Spider:3)
  10 rakshasas
  13 ice dragons
  6 juggernaut simulacra
  A death knight (Crypt:1)
  3 hydras
  10 caustic shrike simulacra
  2 merfolk aquamancers
  13 stokers
  2 demonspawn (Orc:2)
  4 spriggan air magi
  2 ogre magi (Vaults:5)
  A sphinx zombie (Vaults:3)
  6 catoblepae
  An alligator snapping turtle (Shoals:4)
  4 jorogumos
  13 ironbound frosthearts
  2 merfolk avatars
  9 peacekeepers
  A two-headed ogre (shapeshifter) (Zig:8)
  2 alligators (Pan)
  22 centaur warriors
  A spectral stone giant (Tar:2)
  2 two-headed ogres
  6 boulder beetles
  29 dancing weapons
  6 deep troll earth magi
  A sphinx skeleton (Crypt:3)
  42 hell hogs
  3 naga warriors (Abyss:3)
  12 vampire magi
  9 death yaks
  56 death scarabs
  9 tengu warriors
  8 satyrs
  5 deep troll shamans
  10 orc high priests
  2 spectral dire elephants (Tar:1)
  3 thrashing horrors (Abyss:3)
  36 soul eaters
  9 demonic crawlers
  11 hell knights (Hell)
  4 spriggans (Depths:4)
  3 spriggan berserkers (Depths:4)
  13 deep elf knights
  11 crystal echidnas
  Sonja (Lair:5)
  A fire crab (shapeshifter) (Vaults:5)
  53 sun demons
  4 skysharks
  70 skeletal warriors
  2 wretched stars (Abyss:3)
  5 hellephant skeletons (Pan)
  25 shadow wraiths
  56 deep trolls
  10 iron trolls
  9 sixfirhies
  3 spectral anacondas
  3 anaconda zombies
  A mana viper (shapeshifter) (Zig:2)
  18 sea snakes
  A spectral spark wasp (Depths:4)
  A spark wasp zombie (Depths:1)
  A storm dragon skeleton (Crypt:3)
  A swamp dragon (shapeshifter) (Vaults:5)
  A cherub (Pan)
  A golden dragon zombie (Crypt:2)
  7 pharaoh ants
  A ghost moth zombie (Crypt:1)
  5 flayed ghosts
  A bunyip zombie (Tomb:3)
  8 orb spiders
  A glowing orange brain (shapeshifter) (Zig:8)
  3 mana vipers (Zig:8)
  11 shadow demons
  3 quicksilver dragon simulacra
  5 bog bodies
  A spectral hydra (Tar:2)
  2 sun moths (Pan)
  8 deep elf archers
  A tengu zombie (Depths:4)
  8 lindwurms
  4 spriggan simulacra
  6 glowing orange brains
  6 arcanists
  2 golden dragon skeletons
  27 large abominations
  12 phantasmal warriors
  26 deep elf pyromancers
  An elf skeleton (Vaults:3)
  17 ironbound convokers
  An alligator zombie (Hell)
  6 necromancers
  8 orc knights
  6 orc sorcerers
  19 wolf spiders
  10 steelbarb worms
  28 deep elf zephyrmancers
  2 shining eyes
  Maurice (D:7)
  10 cyclopes
  An iron dragon zombie (Vaults:3)
  A stone giant zombie (Tomb:1)
  28 harpies
  3 anaconda skeletons
  17 fauns
  An oklob plant (Lair:3)
  A tengu skeleton (Vaults:1)
  3 alligator skeletons
  3 shining eyes (shapeshifter)
  20 ugly things
  7 worldbinders (Abyss:3)
  3 spectral ettins
  19 manticores
  A frost giant skeleton (Vaults:3)
  20 elephants
  6 rust devils
  29 vault sentinels
  A goliath frog skeleton (Crypt:2)
  22 moths of wrath
  6 kobold blastminers
  A fire giant skeleton (Vaults:1)
  8 meliai
  8 water nymphs
  2 apocalypse crabs
  A water nymph (shapeshifter) (Vaults:5)
  An ice statue (Hell)
  3 eyes of devastation
  3 black mambas
  An elf zombie (Vaults:3)
  A toenail golem (Abyss:3)
  48 smoke demons
  2 dire elephant zombies
  A molten gargoyle (Desolation)
  14 merfolk sirens
  4 gargoyles
  5 torpor snails
  14 cane toads
  12 orange demons
  3 guardian serpents
  12 titan simulacra
  A swamp worm zombie (Crypt:2)
  A grey draconian zombie (Crypt:2)
  21 hellions
  7 efreet
  2 unseen horrors (Depths:2)
  2 dire elephant skeletons
  9 komodo dragons
  3 unseen horrors (shapeshifter)
  An anaconda simulacrum (Coc:7)
  4 sea snake zombies
  14 ice devils
  A kobold demonologist (D:14)
  32 tormentors
  3 tengu conjurers
  A grey draconian skeleton (Crypt:2)
  2 rime drakes
  3 spectral nagas
  6 freezing wraiths
  45 yaktaurs
  5 human zombies
  4 spectral harpies
  3 ancient zymes (Abyss:3)
  42 guardian mummies
  2 harpy zombies
  A queen bee (Lair:4)
  2 red devils
  A troll (shapeshifter) (Zig:8)
  A polar bear (shapeshifter) (D:14)
  26 merfolk
  3 golden dragon simulacra
  A sea snake skeleton (Crypt:1)
  A tengu simulacrum (Depths:1)
  24 hellwings
  2 shadow dragon simulacra
  5 trolls
  2 harpy skeletons (Tar:7)
  2 tyrant leeches (Pan)
  A hydra skeleton (Hell)
  An iron troll skeleton (Crypt:2)
  7 wind drakes
  11 hornets
  5 polar bears
  24 tarantellas
  A dream sheep (shapeshifter) (Depths:3)
  A jumping spider zombie (Crypt:3)
  38 saltlings (Desolation)
  16 blink frogs
  10 snapping turtles
  4 iron dragon simulacra
  42 jumping spiders
  5 raiju (Abyss:3)
  7 glass eyes
  A glass eye (shapeshifter) (Vaults:5)
  A spriggan zombie (Depths:1)
  3 stone giant simulacra (Coc:1)
  2 dream sheep (Shoals:4)
  A frost giant simulacrum (Vaults:3)
  A vampire (D:10)
  Sigmund (D:6)
  86 slime creatures
  8 culicivoras
  An ice dragon skeleton (Crypt:3)
  2 centaur simulacra (Coc:2)
  19 water elementals
  A spriggan (shapeshifter) (Zig:8)
  4 air elementals
  2 shadows
  3 wyverns
  10 ynoxinuls
  2 elf simulacra
  7 wraiths
  28 ushabtiu
  55 yaks
  5 humans (Zot:4)
  4 dire elephant simulacra
  An alligator snapping turtle simulacrum (Coc:3)
  3 basilisks
  A hog (Lair:4)
  11 vampire mosquitoes
  27 neqoxecs
  A steam dragon (D:10)
  A redback (shapeshifter) (Zig:8)
  3 fire elementals
  64 redbacks
  22 chaos spawn
  6 wargs
  11 harpy simulacra
  A faun zombie (Crypt:3)
  10 small abominations
  A glowing shapeshifter zombie (Vaults:4)
  3 acid dragons
  A naga zombie (Crypt:2)
  4 hell hounds (D:15)
  A fire bat zombie (Crypt:2)
  A hydra simulacrum (Coc:2)
  A naga (Abyss:3)
  13 water moccasins
  A glowing shapeshifter skeleton (Crypt:1)
  A sky beast (D:8)
  45 orc warriors
  32 laughing skulls
  An elephant zombie (Crypt:1)
  5 ettin simulacra
  3 black bears
  A black mamba simulacrum (Coc:1)
  2 ice beasts (D:7)
  A demonspawn skeleton (Crypt:3)
  An ice dragon simulacrum (Coc:1)
  11 ogres
  34 centaurs
  13 boggarts
  13 wolves
  A swamp dragon skeleton (Crypt:2)
  3 human skeletons
  3 weeping skulls
  3 kobold brigands
  18 bullfrogs
  A warg zombie (Crypt:1)
  4 earth elementals
  2 naga simulacra (Coc:7)
  2 gnoll sergeants (D:6)
  4 necrophages
  4 scorpions
  14 killer bees
  2 troll skeletons (Volcano)
  7 howler monkeys
  7 electric eels
  2 human simulacra (Vaults:3)
  8 hounds
  A jelly (D:8)
  2 bombardier beetles
  2 centaur skeletons
  2 gnoll boudas (D:6)
  23 orc priests
  An iron imp (Abyss:3)
  A black bear skeleton (Crypt:2)
  An iguana (D:5)
  19 orc wizards
  2 sleepcaps
  A killer bee zombie (Crypt:2)
  4 naga skeletons
  20 mummies
  A howler monkey skeleton (Crypt:2)
  10 adders
  30 gnolls
  4 river rats (D:6)
  3 shadow imps (D:6)
  A steam dragon skeleton (Crypt:3)
  A white imp (Abyss:3)
  7 ufetubi
  2 ribbon worms
  8 dart slugs
  91 orcs
  14 ball pythons
  5 endoplasms
  12 giant cockroaches
  4 goblins
  4 hobgoblins
  8 jackals
  6 quokkas
  A ball python skeleton (Crypt:3)
  7 bats
  13 frilled lizards
  30 kobolds
  9 rats
  5 ball lightnings (Zig:3)
  A butterfly (Lair:5)
  8 creeping infernos
  21 fire vortices
  2 lurking horrors (Abyss:3)
4272 creatures vanquished.

Vanquished Creatures (collateral kills)
  A quicksilver ooze (Slime:5)
  A hydra (Lair:5)
  2 spriggan skeletons (Volcano)
4 creatures vanquished.

Vanquished Creatures (others)
  A shard shrike (Coc:6)
  3 eldritch tentacles (Pan)
  A pandemonium lord (Zig:3)
  A fire giant (Geh:1)
  2 shard shrike simulacra
  A ghost moth (Zot:2)
  A demonspawn blood saint (Zig:3)
  A deep elf demonologist (Vaults:5)
  A black draconian (Depths:4)
  3 juggernaut simulacra
  3 caustic shrike simulacra
  A merfolk aquamancer (Shoals:1)
  5 death scarabs (Tomb:2)
  2 deep trolls (Vaults:5)
  A spriggan simulacrum (Coc:3)
  2 anaconda skeletons (Volcano)
  A deep elf zephyrmancer (Elf:1)
  A faun (Shoals:4)
  2 gargoyles (Volcano)
  A titan simulacrum (Coc:4)
  A golden dragon simulacrum (Coc:3)
  A merfolk (Shoals:4)
  An iron dragon simulacrum (Coc:4)
  A harpy skeleton (Volcano)
  A ynoxinul (Pan)
  A human (Lair:5)
  A chaos spawn (Pan)
  9 harpy simulacra
  A laughing skull (Abyss:3)
  A mummy (Tomb:2)
  An orc (Orc:2)
  7 ball lightnings
  A creeping inferno (Geh:6)
  2 starspawn tentacles (Lair:3)
63 creatures vanquished.

Grand Total: 4339 creatures vanquished

Notes
Turn   | Place    | Note
-------+----------+-------------------------------------------
     0 | D:1      | jagoly the Demigod Hunter began the quest for the Orb.
     0 | D:1      | Reached XP level 1. HP: 17/17 MP: 3/3
    54 | D:1      | Reached skill level 1 in Stealth
   206 | D:1      | Reached XP level 2. HP: 24/24 MP: 4/4
  1185 | D:2      | Reached XP level 3. HP: 29/29 MP: 5/5
  1873 | D:3      | Reached XP level 4. HP: 37/37 MP: 6/6
  2436 | D:4      | Noticed an ogre
  2444 | D:4      | Killed an ogre
  2445 | D:4      | Reached XP level 5. HP: 21/44 MP: 7/7
  2557 | D:4      | Reached skill level 5 in Ranged Weapons
  2566 | D:4      | Found a staircase to the Ecumenical Temple.
  2678 | D:4      | Identified the +3 leather armour of Time Monsters {rF++ rC-
                  | Int+2}
  2972 | D:4      | Identified the +7 whip of Ruqon {spect, *Rage rN+ rCorr
                  | Dex+5}
  3034 | D:4      | Identified the ring of Atyepyd {rPois Will+}
  3482 | D:5      | Entered Level 5 of the Dungeon
  3506 | D:5      | Noticed an ogre
  3525 | D:5      | Killed an ogre
  3526 | D:5      | Reached XP level 6. HP: 51/51 MP: 8/8
  3644 | D:5      | Identified the +1 pair of boots of Qamilluu {Harm}
  3678 | D:5      | Found a glowing drain.
  3689 | Sewer    | Entered a sewer
  4046 | D:5      | Reached XP level 7. HP: 51/57 MP: 9/9
  4740 | D:6      | Reached XP level 8. HP: 49/66 MP: 10/10
  5191 | D:6      | Found Plog's Magic Scroll Emporium.
  5201 | D:6      | Bought a scroll of fear for 44 gold pieces
  5201 | D:6      | Bought a scroll of poison for 44 gold pieces
  5201 | D:6      | Bought a scroll of immolation for 44 gold pieces
  5201 | D:6      | Bought a scroll of noise for 11 gold pieces
  5212 | D:6      | Reached skill level 1 in Throwing
  5212 | D:6      | Reached skill level 1 in Evocations
  5651 | D:6      | Noticed Sigmund
  5657 | D:6      | Killed Sigmund
  5658 | D:6      | Reached XP level 9. HP: 71/71 MP: 11/11
  5756 | D:7      | Noticed Maurice
  5781 | D:7      | Noticed a rust devil
  5781 | D:7      | Noticed a rust devil
  5801 | D:7      | Reached skill level 10 in Ranged Weapons
  6738 | D:7      | Identified the +1 trident "Hellblazer" {elec, *Corrode
                  | Str+4 Int+2}
  7535 | D:8      | Found a staircase to the Lair.
  7557 | D:8      | Reached skill level 5 in Stealth
  7778 | D:8      | Reached skill level 5 in Dodging
  7898 | D:8      | Reached skill level 5 in Fighting
  7903 | D:8      | Reached XP level 10. HP: 68/81 MP: 13/13
  8904 | D:10     | Entered Level 10 of the Dungeon
  9096 | D:10     | Found a staircase to the Orcish Mines.
  9258 | D:10     | Found a flagged portal.
  9282 | Bailey   | Entered a bailey
 10679 | D:11     | Found a gate leading to a gauntlet.
 10680 | D:11     | Noticed a manticore
 10692 | D:11     | Killed a manticore
 10693 | D:11     | Reached XP level 11. HP: 68/90 MP: 14/14
 10718 | Gauntlet | Entered a Gauntlet
 10718 | Gauntlet | Found a transporter.
 10719 | Gauntlet | Noticed a sixfirhy
 10725 | Gauntlet | Found a transporter.
 10729 | Gauntlet | Found a transporter.
 10732 | Gauntlet | Noticed a death scarab
 10734 | Gauntlet | Found a transporter.
 10737 | Gauntlet | Found a runed translucent gate.
 10737 | Gauntlet | Found a transporter.
 10738 | Gauntlet | Found a runed translucent gate.
 10739 | Gauntlet | Found a runed translucent gate.
 10741 | Gauntlet | Found a transporter.
 10746 | Gauntlet | Found a transporter.
 10747 | Gauntlet | Noticed an arcanist
 10749 | Gauntlet | Found a transporter.
 10753 | Gauntlet | Found a transporter.
 10758 | Gauntlet | Found a transporter.
 10759 | Gauntlet | Noticed a death drake
 10761 | Gauntlet | Found a transporter.
 10765 | Gauntlet | Found a transporter.
 10770 | Gauntlet | Found a transporter.
 10770 | Gauntlet | Noticed a cacodemon
 10773 | Gauntlet | Found a transporter.
 10928 | D:11     | Noticed a boulder beetle
 10940 | D:11     | Killed a boulder beetle
 11773 | D:6      | Bought 2 scrolls of enchant weapon for 165 gold pieces
 11773 | D:6      | Bought 2 scrolls of blinking for 165 gold pieces
 11773 | D:6      | Bought a scroll of blinking for 82 gold pieces
 11814 | D:7      | Killed Maurice
 11868 | Lair:1   | Entered Level 1 of the Lair of Beasts
 12243 | Lair:1   | Identified the +1 leather armour of the Big Bang {rElec
                  | Regen+ Dex-2 SInv}
 12356 | Lair:1   | Found a dark tunnel.
 12366 | Volcano  | Entered a volcano
 12463 | Volcano  | Noticed a skeletal warrior
 12496 | Volcano  | Killed a skeletal warrior
 12869 | Volcano  | Noticed a skeletal warrior
 12882 | Volcano  | Killed a skeletal warrior
 13576 | Lair:1   | Noticed a deep troll
 13767 | Lair:2   | Noticed a catoblepas
 13981 | Lair:2   | Noticed a four-headed hydra
 14001 | Lair:2   | Killed a four-headed hydra
 14002 | Lair:2   | Reached XP level 12. HP: 94/101 MP: 15/15
 14576 | Lair:2   | Noticed an eight-headed hydra
 14588 | Lair:2   | Killed an eight-headed hydra
 14889 | Lair:3   | Reached skill level 15 in Ranged Weapons
 15296 | Lair:3   | Found a staircase to the Shoals.
 15761 | Lair:3   | Found a hole to the Spider Nest.
 16108 | Lair:4   | Found a transporter.
 16257 | Lair:4   | Found a transporter.
 16462 | Lair:4   | Reached XP level 13. HP: 108/108 MP: 16/16
 16489 | Lair:4   | You fall into a shaft and drop 1 floor!
 16489 | Lair:5   | Entered Level 5 of the Lair of Beasts
 16866 | Lair:4   | Noticed Qiar's ghost (journeyman DsGl)
 17441 | Lair:5   | Noticed Sonja
 17544 | Lair:5   | Killed Sonja
 17545 | Lair:5   | Reached skill level 10 in Stealth
 17633 | Lair:5   | Noticed Kirke
 17651 | Lair:5   | Killed Kirke
 17730 | Lair:5   | Found a staircase to the Slime Pits.
 17852 | Lair:5   | Reached skill level 10 in Fighting
 17852 | Lair:5   | Reached skill level 10 in Dodging
 18850 | Lair:5   | Reached XP level 14. HP: 121/121 MP: 17/17
 19257 | D:12     | Noticed Urug
 19473 | D:12     | You fall into a shaft and drop 1 floor!
 19674 | D:12     | Urug changed into Urug the glass eye
 19674 | D:12     | Noticed Urug
 19680 | D:12     | Killed Urug the glass eye
 20131 | D:13     | Reached skill level 5 in Throwing
 20418 | D:13     | Identified the +1 ring mail "Pavyd" {Str+2}
 20695 | Orc:1    | Entered Level 1 of the Orcish Mines
 21276 | Orc:2    | Entered Level 2 of the Orcish Mines
 21293 | Orc:2    | Found a staircase to the Elven Halls.
 21531 | Orc:2    | Noticed an orc warlord
 21666 | Orc:2    | Killed an orc warlord
 22111 | Orc:2    | Found Mibin's Distillery.
 22114 | Orc:2    | Found Qoetiwnomn's Magic Scroll Emporium.
 22388 | Orc:2    | Found Noixaule's Jewellery Shoppe.
 22878 | Orc:2    | Reached skill level 5 in Evocations
 23475 | Orc:2    | Paralysed by an orc sorcerer for 4 turns
 23809 | Orc:2    | Found Nisiuhul's Antique Weapon Boutique.
 23809 | Orc:2    | Found Jadomyg's Jewellery Shop.
 23865 | Orc:2    | Found a one-way gate leading to the halls of Pandemonium.
 23901 | Orc:2    | Bought an amulet of regeneration for 480 gold pieces
 23944 | Orc:2    | Bought a potion of enlightenment for 75 gold pieces
 23944 | Orc:2    | Bought a potion of brilliance for 60 gold pieces
 23946 | Orc:2    | Bought a scroll of silence for 114 gold pieces
 23949 | Orc:2    | Identified a scroll of acquirement
 23950 | Orc:2    | Acquired the +2 longbow of Keal {freeze, Str+2 Dex+6}
 24009 | Orc:2    | Bought the ring of Sotuew {rF++ rN+ rCorr Dex-5 SInv} for
                  | 678 gold pieces
 24642 | D:14     | Reached XP level 15. HP: 130/130 MP: 18/18
 24698 | D:14     | Gained mutation: Armour fits poorly on your strangely
                  | shaped body. [a shining eye]
 24710 | D:14     | Found a gate to the Vaults.
 24714 | D:14     | Identified the dragon-blood talisman "Qycon" {Dex+3 SInv}
 25013 | D:15     | Entered Level 15 of the Dungeon
 25981 | D:15     | Found a staircase to the Depths.
 26386 | Spider:1 | Entered Level 1 of the Spider Nest
 26399 | Spider:1 | Noticed Louise
 26437 | Spider:1 | Reached skill level 1 in Armour
 27601 | Spider:3 | Reached XP level 16. HP: 139/139 MP: 19/19
 28002 | Spider:3 | Reached XP level 17. HP: 146/146 MP: 20/20
 28804 | Spider:4 | Entered Level 4 of the Spider Nest
 29051 | Spider:4 | Noticed Roxanne
 29070 | Spider:4 | Killed Roxanne
 29793 | Spider:4 | Got a gossamer rune of Zot
 29943 | Spider:1 | Killed Louise
 30239 | Shoals:1 | Entered Level 1 of the Shoals
 30239 | Shoals:1 | Noticed Mlioglotl
 30256 | Lair:3   | Killed Mlioglotl
 31188 | Shoals:2 | Noticed Polyphemus
 31201 | Shoals:2 | Reached XP level 18. HP: 157/157 MP: 21/21
 31340 | Shoals:2 | Killed Polyphemus
 31480 | Shoals:2 | Noticed a tentacled monstrosity
 31735 | Shoals:2 | Reached skill level 10 in Evocations
 32100 | Shoals:2 | Killed a tentacled monstrosity
 32107 | Shoals:2 | Identified the ring "Sazitsorph" {rPois Will+}
 32117 | Shoals:2 | Got the Papyrus of Mad Ravings
 32288 | Shoals:3 | Found Purphewkid's Self-Improvement Boutique.
 32901 | Shoals:4 | Entered Level 4 of the Shoals
 33063 | Shoals:4 | Noticed Ilsuiw
 33261 | Shoals:4 | Found Quloelua's General Store.
 33278 | Shoals:4 | Killed Ilsuiw
 33622 | Shoals:4 | Got a barnacled rune of Zot
 33865 | Shoals:4 | Identified the ring of Reimbursement {Fire Dex+2}
 34318 | Shoals:4 | Bought a scroll of fear for 60 gold pieces
 34318 | Shoals:4 | Bought a phial of floods for 600 gold pieces
 34416 | Lair:4   | Killed Qiar's ghost
 34700 | Vaults:1 | Entered Level 1 of the Vaults
 34723 | Vaults:1 | Found Rudut's Assorted Antiques.
 34759 | Vaults:1 | Found a magical portal.
 34772 | WizLab   | Entered Borgnjor's Mausoleum
 34796 | WizLab   | Reached skill level 5 in Armour
 34903 | Vaults:1 | Reached XP level 19. HP: 167/167 MP: 22/22
 35260 | Vaults:1 | Reached skill level 15 in Dodging
 35299 | Vaults:1 | Identified the ring of Light {Fly rC++ AC+4 Str-5}
 35830 | Shoals:3 | Bought a manual of Fighting for 960 gold pieces
 36017 | Elf:1    | Entered Level 1 of the Elven Halls
 36307 | Elf:1    | Found Abeawec's Weapon Shop.
 36858 | Elf:1    | Reached skill level 15 in Fighting
 36896 | Elf:1    | Got the Quarto of Arcane Weapons and the Swarm
 37087 | Elf:2    | Found Fidwyts's One-of-a-Kind Books.
 37155 | Elf:2    | Found a crumbling gateway.
 37167 | Desolati | Entered the Desolation of Salt
 37583 | Desolati | Got the Disquisition on the Barrage
 37587 | Desolati | Identified the +10 mace of Precise Incision {heavy, Fly}
 37708 | Desolati | Identified the ring of Xom's Attic {rPois rN+ Int+2}
 37712 | Desolati | Identified the +6 battleaxe "Goblinslayer" {protect, rC+}
 37732 | Desolati | Got the Commentary on the Gathered Mantle
 37739 | Desolati | Identified the ring "Udaler" {Ice Dex+3}
 37853 | Desolati | Identified the ring "Ilellol" {rPois rF+ rCorr Int+6
                  | Slay-5}
 37855 | Desolati | Identified the +3 pair of boots of Moral Flaws {rC+ Regen+
                  | Int+4}
 37867 | Desolati | Identified the amulet "Jacytou" {Spirit Str+3}
 37874 | Desolati | Identified the +1 halberd of the Valley of Death {heavy,
                  | rF+ Str-2 Int+4}
 37886 | Desolati | Identified the ring of Wouqith {rF+ Dex+6}
 37896 | Desolati | Got Rafurot's Quarto of the Traveller and the Band
 38302 | Elf:2    | Found a runed translucent gate.
 38312 | Elf:2    | Found a runed translucent gate.
 38312 | Elf:2    | Found a runed translucent gate.
 38558 | Elf:3    | Entered Level 3 of the Elven Halls
 38599 | Elf:3    | Reached XP level 20. HP: 189/189 MP: 24/24
 38600 | Elf:3    | Found a runed translucent gate.
 38610 | Elf:3    | Found a runed translucent gate.
 38610 | Elf:3    | Found a runed translucent gate.
 38610 | Elf:3    | Noticed kasel's ghost (veteran FoFi)
 38927 | Elf:3    | Found Henoymit's Armour Emporium.
 39753 | Elf:3    | Identified the +5 bardiche "Puconups" {freeze, Str-3 Int+4}
 39878 | Elf:3    | Identified the +5 rapier of Kecaix {freeze, rN+ Dex+3}
 40097 | Elf:3    | Identified the ring "Nypn" {Fire Str+5 Stlth-}
 40111 | Elf:3    | Identified the +3 dagger "Enileshoa" {chaos, rPois Stlth+}
 40122 | Elf:3    | Learned a level 2 spell: Blink
 40123 | Elf:3    | Identified the ring "Ziefibun" {Wiz rC+}
 40131 | Elf:3    | Got Sif Muna's Cyclopedia of Puissant Location
 40134 | Elf:3    | Learned a level 1 spell: Apportation
 40160 | Elf:3    | Got the Meditations on the Chill
 40166 | Elf:3    | Identified the ring "Idghilac" {rElec rPois Dex-4 Stlth+}
 40187 | Elf:3    | Identified the +10 trident "Ojiups" {freeze, Str+3}
 40198 | Elf:3    | Reached skill level 1 in Translocations
 40211 | Elf:3    | Got Raol's Anthology of Translocated Lightning
 40350 | Elf:3    | Killed kasel's ghost
 40514 | Orc:2    | Bought a potion of haste for 150 gold pieces
 40514 | Orc:2    | Bought a potion of haste for 150 gold pieces
 40514 | Orc:2    | Bought a potion of heal wounds for 75 gold pieces
 40514 | Orc:2    | Bought a potion of ambrosia for 120 gold pieces
 40516 | Orc:2    | Bought a scroll of poison for 48 gold pieces
 40516 | Orc:2    | Bought a scroll of teleportation for 36 gold pieces
 40516 | Orc:2    | Bought a scroll of teleportation for 36 gold pieces
 40979 | Vaults:2 | Found Zaiq Cao's Jewellery Shoppe.
 41036 | Vaults:2 | Reached skill level 5 in Translocations
 41517 | Vaults:2 | Found a staircase to the Crypt.
 42432 | Vaults:3 | Reached XP level 21. HP: 199/199 MP: 25/25
 44368 | Vaults:4 | Found Esionem's Weapon Shop.
 44400 | Vaults:4 | Found Limm's Jewellery Boutique.
 44584 | Vaults:5 | Entered Level 5 of the Vaults
 44668 | Vaults:5 | Noticed Mara
 44683 | Vaults:5 | Noticed jagoly's illusion
 44754 | Vaults:5 | Killed Mara
 44874 | Vaults:5 | Noticed a golden dragon
 44880 | Vaults:5 | Killed a golden dragon
 44911 | Vaults:5 | Noticed a golden dragon
 44917 | Vaults:5 | Killed a golden dragon
 44959 | Vaults:5 | Noticed Xtahua
 44984 | Vaults:5 | Reached skill level 10 in Armour
 45020 | Vaults:5 | Killed Xtahua
 45021 | Vaults:5 | Reached XP level 22. HP: 209/209 MP: 26/26
 45254 | Vaults:5 | Noticed an ancient lich
 45265 | Vaults:5 | Killed an ancient lich
 45869 | Vaults:5 | Got a silver rune of Zot
 45937 | Vaults:5 | Identified the staff of Mutilation {*Slow rPois rF+ Stlth+
                  | Fire}
 46323 | Crypt:1  | Entered Level 1 of the Crypt
 47305 | Crypt:2  | Reached skill level 15 in Evocations
 48217 | Crypt:3  | Entered Level 3 of the Crypt
 48302 | Crypt:3  | Found a staircase to the Tomb.
 48558 | Crypt:3  | Reached XP level 23. HP: 188/202 MP: 27/27
 49261 | Crypt:3  | Noticed a dread lich
 49261 | Crypt:3  | Noticed an ancient lich
 49263 | Crypt:3  | Noticed an ancient lich
 49320 | Crypt:3  | Got Ukusawn's Grimoire of Abhorrent Liturgies
 49646 | Depths:1 | Entered Level 1 of the Depths
 49646 | Depths:1 | Found a one-way gate to the infinite horrors of the Abyss.
 49741 | Depths:1 | Found Qenaipt's Weapon Boutique.
 49765 | Depths:1 | Found Qaeqecoh's General Store.
 49765 | Depths:1 | Found Ziet's Jewellery Boutique.
 49770 | Depths:1 | Found Fanuasec's Jewellery Shop.
 49795 | Depths:1 | Found Saaklor's Antique Armour Shoppe.
 49802 | Depths:1 | Bought a dazzling leather armour for 315 gold pieces
 49802 | Depths:1 | Identified the +0 leather armour of Hepliaklqana's Anger
                  | {rPois} (You bought it in a shop on level 1 of the Depths)
 50070 | Depths:1 | Found a gateway to Hell.
 50470 | Depths:2 | Found Ufrev's Jewellery Emporium.
 50470 | Depths:2 | Found Jufaxy's Book Boutique.
 50472 | Depths:2 | Found Kebecusm's Jewellery Emporium.
 51305 | Depths:3 | Found a one-way gateway to a ziggurat.
 51496 | Depths:3 | Found a runed translucent door.
 51933 | Depths:3 | Found a runed translucent door.
 51996 | Depths:4 | Entered Level 4 of the Depths
 52282 | Depths:4 | Noticed a dread lich
 52301 | Depths:4 | Killed a dread lich
 52637 | Depths:4 | Found a gate to the Realm of Zot.
 52649 | Depths:4 | Got a midnight gem with 170 turns to spare
 52787 | Depths:4 | Acquired a manual of Shapeshifting
 52826 | Depths:4 | Lost the midnight gem through the power of Zot.
 52913 | Depths:4 | Got the Encyclopedia of Cadavers
 52931 | Depths:4 | Noticed a juggernaut
 52951 | Depths:4 | Killed a juggernaut
 53270 | Depths:2 | Bought the amulet of the Saviour {Reflect Regen+ rCorr
                  | Dex-3 SH+5 SInv} for 445 gold pieces
 53598 | Slime:1  | Entered Level 1 of the Pits of Slime
 53602 | Slime:1  | Reached XP level 24. HP: 226/228 MP: 27/27
 53612 | Slime:1  | Upgraded the game from 0.32-a0-114-g70af1cc7 to
                  | 0.32-a0-119-g2e8054a
 53773 | Slime:5  | Entered Level 5 of the Pits of Slime
 53929 | Slime:5  | Noticed the Royal Jelly
 53955 | Slime:5  | Killed the Royal Jelly
 54114 | Slime:5  | Identified the +0 ice dragon scales of the Powerful God
                  | {rF- rC++ Int+5}
 54119 | Slime:5  | Identified the +0 chain mail "Raism" {Int+2}
 54133 | Slime:5  | Identified the +11 chain mail of Apathy {rC+ Regen+ Int-2
                  | Slay+3}
 54157 | Slime:5  | Identified the ring "Fetor" {+Blink rCorr AC+4 Str+3}
 54159 | Slime:5  | Identified the ring "Otsycs" {^Drain +Blink rPois rN+
                  | rCorr}
 54163 | Slime:5  | Identified the +7 demon whip of Grontol {freeze, ^Drain
                  | Str+2 SInv}
 54175 | Slime:5  | Identified the ring "Ruxzu" {MP+9 Str+3}
 54180 | Slime:5  | Got a starry gem with 111 turns to spare
 54182 | Slime:5  | Got a slimy rune of Zot
 54192 | Slime:5  | Identified the +4 triple sword of Mego {flame, rC+ Int+4}
 54224 | Slime:5  | Identified the +3 helmet of Viarir {Str+4}
 54243 | Slime:5  | Identified the +4 orcbow of Gallantry {elec, rN++ rCorr
                  | Dex-2 SInv}
 54292 | Slime:5  | Lost the starry gem through the power of Zot.
 55393 | Depths:1 | Bought a talisman of death for 1360 gold pieces
 55489 | Zot:1    | Entered Level 1 of the Realm of Zot
 55515 | Zot:1    | Reached skill level 1 in Shapeshifting
 55827 | Zot:1    | Reached skill level 5 in Shapeshifting
 55990 | Zot:1    | Found a transporter.
 55997 | Zot:1    | Found a transporter.
 56567 | Zot:2    | Reached skill level 10 in Shapeshifting
 56794 | Zot:2    | Found the +4 dragonskin cloak
 56794 | Zot:2    | Noticed Tiamat
 56882 | Zot:2    | Killed Tiamat
 57458 | Zot:2    | You fall into a shaft and drop 2 floors!
 57587 | Zot:3    | Found a transporter.
 57817 | Zot:3    | Noticed a dread lich
 57864 | Zot:3    | Reached XP level 25. HP: 238/238 MP: 27/27
 58495 | Zot:4    | Reached skill level 15 in Shapeshifting
 58931 | Zot:5    | Entered Level 5 of the Realm of Zot
 58946 | Zot:5    | Noticed an ancient lich
 59072 | Zot:5    | Killed an ancient lich
 59084 | Zot:5    | Noticed a dread lich
 59101 | Zot:5    | Killed a dread lich
 59116 | Zot:5    | Noticed an orb of fire
 59128 | Zot:5    | Killed an orb of fire
 59131 | Zot:5    | Noticed an orb of fire
 59136 | Zot:5    | Gained mutation: You are dopey. (Int -2) [an orb of fire]
 59140 | Zot:5    | Noticed an orb of fire
 59358 | Zot:5    | Found Joemm's Last-Chance Deals.
 59362 | Zot:5    | Bought the +11 crystal plate armour of Monotheism {Harm
                  | rC+} for 1 gold piece
 59382 | Zot:5    | Bought the +4 hand cannon "Xustrer" {heavy, Int+3 Dex+4}
                  | for 1 gold piece
 59382 | Zot:5    | Bought the +3 hand cannon "Oneuc" {penet, *Corrode rElec
                  | Str-3 Dex+5} for 1 gold piece
 59417 | Zot:5    | Gained mutation: You do not regenerate when monsters are
                  | visible. [an orb of fire]
 59419 | Zot:5    | Killed an orb of fire
 59433 | Zot:5    | Noticed an ancient lich
 59439 | Zot:5    | Killed an ancient lich
 59451 | Zot:5    | Lost mutation: You are dopey. (Int -2) [potion of mutation]
 59451 | Zot:5    | Lost mutation: You do not regenerate when monsters are
                  | visible. [potion of mutation]
 59451 | Zot:5    | Gained mutation: You are partially covered in iridescent
                  | scales. (AC +2) [potion of mutation]
 59451 | Zot:5    | Gained mutation: You are covered in fur. (AC +1) [potion of
                  | mutation]
 59577 | Zig:1    | Entered Level 1 of a ziggurat
 59602 | Zig:2    | Entered Level 2 of a ziggurat
 59629 | Zig:3    | Entered Level 3 of a ziggurat
 59632 | Zig:3    | Noticed Pici the pandemonium lord
 59637 | Zig:3    | Killed Pici the pandemonium lord
 59664 | Zig:3    | Identified the +2 leather armour of Shielding {rPois Int-3
                  | Dex+2}
 59668 | Zig:4    | Entered Level 4 of a ziggurat
 59700 | Zig:5    | Entered Level 5 of a ziggurat
 59763 | Zig:6    | Entered Level 6 of a ziggurat
 59817 | Zig:7    | Entered Level 7 of a ziggurat
 59825 | Zig:7    | Noticed an ancient lich
 59837 | Zig:7    | Killed an ancient lich
 59863 | Zig:7    | Identified the ring of Eratsat {rPois Will++}
 59874 | Zig:7    | Identified the staff of the Mashing Jester {rPois Hexes
                  | Earth}
 59886 | Zig:7    | Acquired a +0 triple crossbow of draining
 59892 | Zig:8    | Entered Level 8 of a ziggurat
 59901 | Zig:8    | Noticed Foodav the pandemonium lord
 59918 | Zig:8    | Killed Foodav the pandemonium lord
 60066 | Pan      | Entered Pandemonium
 60082 | Pan      | Found an exit through the horrors of the Abyss.
 60444 | Pan      | Noticed Vany the pandemonium lord
 60456 | Pan      | Killed Vany the pandemonium lord
 60473 | Pan      | Got a demonic rune of Zot
 60501 | Pan      | Reached XP level 26. HP: 246/246 MP: 27/27
 60797 | Depths:2 | Escaped Pandemonium
 60799 | Pan      | Entered Pandemonium
 60891 | Pan      | Noticed Mennas
 60916 | Pan      | Killed Mennas
 61294 | Pan      | Noticed Womyni the pandemonium lord
 61313 | Pan      | Killed Womyni the pandemonium lord
 61541 | Pan      | Noticed Danirr the pandemonium lord
 61563 | Pan      | Killed Danirr the pandemonium lord
 61804 | Pan      | Gained mutation: You have hidden genetic defects. [a
                  | cacodemon]
 61911 | Pan      | Noticed Goseut the pandemonium lord
 61921 | Pan      | Killed Goseut the pandemonium lord
 62048 | Pan      | Noticed Ylan the pandemonium lord
 62068 | Pan      | Killed Ylan the pandemonium lord
 62216 | Pan      | Found a transporter.
 62359 | Pan      | Gained mutation: You occasionally shout uncontrollably at
                  | your foes. [hidden defects]
 62398 | Pan      | Found a transporter.
 62540 | Pan      | Lost mutation: You have hidden genetic defects. [a
                  | cacodemon]
 62556 | Pan      | Identified the ring of Evue {*Slow rC+ Str-3 Int+7 Dex+3}
 62582 | Pan      | Identified the ring of Tuzit {^Contam Fly rPois rN++ SInv}
 62593 | Pan      | Learned a level 4 spell: Dimensional Bullseye
 62656 | Pan      | Noticed Irirruxt the pandemonium lord
 62670 | Pan      | Reached skill level 1 in Hexes
 62800 | Pan      | Found an exit through the horrors of the Abyss.
 62974 | Pan      | Entered the realm of Mnoleg.
 63046 | Pan      | Reached XP level 27. HP: 230/254 MP: 27/27
 63147 | Pan      | Noticed Mnoleg
 63208 | Pan      | Reached skill level 10 in Translocations
 63216 | Pan      | Killed Mnoleg
 63230 | Pan      | Reached skill level 5 in Hexes
 63380 | Pan      | Got a glowing rune of Zot
 63473 | Pan      | Entered the realm of Lom Lobon.
 63549 | Pan      | Noticed Lom Lobon
 63594 | Pan      | Killed Lom Lobon
 63604 | Pan      | Got a magical rune of Zot
 63817 | Pan      | Entered the realm of Gloorx Vloq.
 64297 | Pan      | Noticed Gloorx Vloq
 64308 | Pan      | Killed Gloorx Vloq
 64320 | Pan      | Got a dark rune of Zot
 64420 | Pan      | Found an exit through the horrors of the Abyss.
 64490 | Pan      | Entered the realm of Cerebov.
 64675 | Pan      | Found the +6 sword of Cerebov {flame}
 64675 | Pan      | Noticed Cerebov
 64853 | Pan      | Killed Cerebov
 64876 | Pan      | Got a fiery rune of Zot
 64900 | Pan      | Identified the staff of Lugonu {rElec rF+ rN+ Stlth+ Necro}
 64901 | Pan      | Identified the +0 leather armour of Puwigaiq {^Contam rN+
                  | Will+ Int+4}
 64902 | Pan      | Identified the staff "Ysotesie" {+Blink rElec Str+5 Air}
 64929 | Pan      | Identified the ring of Pugager {rC+ rN+ rCorr EV+5 Dex-2}
 64950 | Pan      | Got Runy's Vellum of the Lithic Oath
 64980 | Pan      | Identified the staff of Indomitability {+Blink rF+++ rC+
                  | rN+ rCorr Necro}
 65104 | Pan      | Identified the amulet "Raur" {Spirit +Blink rPois Int+2
                  | Dex+5}
 65147 | Depths:2 | Escaped Pandemonium
 65159 | Depths:2 | Lost mutation: You are partially covered in iridescent
                  | scales. (AC +2) [potion of mutation]
 65159 | Depths:2 | Lost mutation: Armour fits poorly on your strangely shaped
                  | body. [potion of mutation]
 65159 | Depths:2 | Lost mutation: You are covered in fur. (AC +1) [potion of
                  | mutation]
 65159 | Depths:2 | Gained mutation: You are strong-willed. (Will+) [potion of
                  | mutation]
 65159 | Depths:2 | Gained mutation: Potions are less effective at restoring
                  | your health. [potion of mutation]
 65159 | Depths:2 | Gained mutation: Your flesh is cold resistant. (rC+)
                  | [potion of mutation]
 65160 | Depths:2 | Lost mutation: You are strong-willed. (Will+) [potion of
                  | mutation]
 65160 | Depths:2 | Lost mutation: Your flesh is cold resistant. (rC+) [potion
                  | of mutation]
 65160 | Depths:2 | Lost mutation: You occasionally shout uncontrollably at
                  | your foes. [potion of mutation]
 65160 | Depths:2 | Gained mutation: You occasionally lose the ability to read
                  | scrolls when taking damage. [potion of mutation]
 65161 | Depths:2 | Lost mutation: You occasionally lose the ability to read
                  | scrolls when taking damage. [potion of mutation]
 65161 | Depths:2 | Lost mutation: Potions are less effective at restoring your
                  | health. [potion of mutation]
 65161 | Depths:2 | Gained mutation: You are partially covered in iridescent
                  | scales. (AC +2) [potion of mutation]
 65161 | Depths:2 | Gained mutation: You are mostly covered in iridescent
                  | scales. (AC +4) [potion of mutation]
 65161 | Depths:2 | Gained mutation: You expend magic power (3 MP) to
                  | strengthen your wands. [potion of mutation]
 65203 | Depths:2 | Voluntarily entered the Abyss.
 65601 | Depths:2 | Escaped the Abyss
 65603 | Depths:2 | Voluntarily entered the Abyss.
 65922 | Abyss:3  | Got an abyssal rune of Zot
 65945 | Depths:2 | Escaped the Abyss
 66054 | Hell     | Entered the Vestibule of Hell
 66054 | Hell     | Noticed Geryon
 66057 | Hell     | Noticed Murray
 66067 | Hell     | Killed Geryon
 66079 | Depths:2 | Killed Murray
 66301 | Hell     | Found a gateway to the freezing wastes of Cocytus.
 66367 | Hell     | Found a gateway to the Iron City of Dis.
 66523 | Hell     | Found a gateway to the ashen valley of Gehenna.
 66648 | Hell     | Found a gateway to the decaying netherworld of Tartarus.
 66733 | Tar:1    | Entered Level 1 of Tartarus
 67080 | Tar:3    | You fall into a shaft and drop 2 floors!
 67114 | Tar:6    | Noticed an ancient lich
 67120 | Tar:6    | Killed an ancient lich
 67253 | Tar:7    | Entered Level 7 of Tartarus
 67422 | Tar:7    | Identified the ring "Jacwed" {Wiz rF++ Slay+2}
 67426 | Tar:7    | Identified the +0 chain mail "Doubir" {^Drain +Inv Will+++
                  | Int-2}
 67546 | Tar:7    | Identified the staff of Campic {Dex+4 Earth}
 67664 | Tar:7    | Identified the staff of Doom {rF+ Will+ Str-5 Conj}
 67695 | Tar:7    | Noticed a dread lich
 67696 | Tar:7    | Killed a dread lich
 67707 | Tar:7    | Noticed an ancient lich
 67708 | Tar:7    | Noticed an ancient lich
 67711 | Tar:7    | Killed an ancient lich
 67714 | Tar:7    | Killed an ancient lich
 67746 | Tar:7    | Identified the +8 longbow "Fugoqana" {drain, ^Contam Str+8
                  | Int-4}
 67747 | Tar:7    | Identified the ring "Utopig" {Ice rPois}
 67780 | Tar:7    | Reached skill level 27 in Ranged Weapons
 67989 | Tar:7    | Noticed Ereshkigal
 67995 | Tar:7    | Killed Ereshkigal
 68025 | Tar:7    | Got a bone rune of Zot
 68154 | Coc:1    | Entered Level 1 of Cocytus
 68731 | Coc:5    | You are sucked into a shaft and drop 1 floor!
 68813 | Coc:7    | Entered Level 7 of Cocytus
 68940 | Coc:7    | Paralysed by a wendigo for 1 turns
 69082 | Coc:7    | Reached skill level 27 in Fighting
 69158 | Coc:7    | Noticed Antaeus
 69178 | Coc:7    | Killed Antaeus
 69215 | Coc:7    | Got an icy rune of Zot
 69222 | Coc:7    | Identified the orb of Protective Custody {mayhem, Will+}
 69569 | Geh:1    | Entered Level 1 of Gehenna
 69587 | Geh:1    | Reached skill level 15 in Translocations
 70239 | Geh:6    | Reached skill level 15 in Armour
 70351 | Geh:7    | Entered Level 7 of Gehenna
 70787 | Geh:7    | Noticed an ancient lich
 70793 | Geh:7    | Killed an ancient lich
 71049 | Geh:7    | Found the +13 sceptre of Asmodeus
 71049 | Geh:7    | Noticed Asmodeus
 71087 | Geh:7    | Killed Asmodeus
 71121 | Geh:7    | Identified the +9 plate armour "Qukhoocw" {Dex+3}
 71158 | Geh:7    | Got an obsidian rune of Zot
 71338 | Dis:1    | Entered Level 1 of the Iron City of Dis
 71918 | Dis:5    | Noticed an ancient lich
 71918 | Dis:5    | Noticed a dread lich
 71918 | Dis:5    | Noticed an ancient lich
 71921 | Dis:5    | Killed an ancient lich
 71924 | Dis:5    | Killed a dread lich
 71925 | Dis:5    | Killed an ancient lich
 71949 | Dis:5    | Noticed an ancient lich
 71951 | Dis:5    | Killed an ancient lich
 71956 | Dis:5    | Reached skill level 27 in Dodging
 71957 | Dis:5    | Noticed a dread lich
 71966 | Dis:5    | Killed a dread lich
 71972 | Dis:5    | Noticed a dread lich
 71981 | Dis:5    | Killed a dread lich
 72878 | Dis:7    | Entered Level 7 of the Iron City of Dis
 72963 | Dis:7    | Noticed the Serpent of Hell
 72968 | Dis:7    | Killed the Serpent of Hell
 73147 | Dis:7    | Noticed a juggernaut
 73149 | Dis:7    | Noticed a juggernaut
 73150 | Dis:7    | Killed a juggernaut
 73155 | Dis:7    | Killed a juggernaut
 73218 | Dis:7    | Identified the staff of Pogg {rElec Int+3 Air}
 73643 | Dis:7    | Noticed Dispater
 73643 | Dis:7    | Noticed a juggernaut
 73651 | Dis:7    | Killed a juggernaut
 73665 | Dis:7    | Killed Dispater
 73706 | Dis:7    | Identified the amulet "Noklyafe" {Reflect Will+ SH+5}
 73712 | Dis:7    | Identified the staff "Jellybane" {rElec Tloc Air}
 73716 | Dis:7    | Got an iron rune of Zot
 74395 | Tomb:1   | Entered Level 1 of the Tomb of the Ancients
 75038 | Tomb:3   | Entered Level 3 of the Tomb of the Ancients
 75140 | Tomb:3   | Lost strength.
 75375 | Tomb:3   | Got a sanguine gem with 532 turns to spare
 75409 | Tomb:3   | Got a golden rune of Zot
 75460 | Tomb:3   | Identified the ring "Voxute" {Will+ MP+9 Str+5}
 75461 | Tomb:3   | Identified the amulet of Diom {Spirit *Slow rF+ Int+3}
 75483 | Tomb:3   | Identified the +0 chain mail "Beac" {Int+3 Slay+2}
 75484 | Tomb:3   | Identified the +0 long sword "Tiwuekeg" {flame, rN+}
 75486 | Tomb:3   | Identified the +2 chain mail of the Glamorous God {rF+
                  | Will+}
 75487 | Tomb:3   | Identified the staff of Intuition {rPois Will++ Alchemy}
                  | (You found it on level 3 of the Tomb of the Ancients)
 75548 | Tomb:3   | Identified the +5 hand axe "Xiaqafo" {elec, rF- Str+5 Dex+3
                  | Stlth+}
 76153 | Zot:5    | Noticed a dread lich
 76160 | Zot:5    | Killed a dread lich
 76161 | Zot:5    | Reached skill level 27 in Evocations
 76163 | Zot:5    | Noticed a dread lich
 76172 | Zot:5    | Killed a dread lich
 76229 | Zot:5    | Noticed an orb of fire
 76253 | Zot:5    | Killed an orb of fire
 76254 | Zot:5    | Got the Orb of Zot
 76376 | Depths:4 | Noticed Taphet the pandemonium lord
 76377 | Depths:4 | Killed Taphet the pandemonium lord
 76770 | D:$      | Escaped with the Orb!

Illustrated notes

Levels and vault maps discovered:
D:1:      erik_arrival_orb_chamber, layout_loops_ring,
          chequers_hall_statues_corner_a
D:2:      layout_loops_corners
D:3:      layout_loops_ring, minmay_misc_feat_tower, minmay_fractal_squares_5
D:4:      layout_cave_pods, temple_statues
D:5:      layout_cave_pools, mainiacjoe_sewer_entry_somewhere_in_here_2
D:6:      wad_woods_tower, layout_cave_pools, serial_gnoll_camp,
          gnoll_camp_huts_moat, gnoll_camp_mini_shop, gnoll_camp_mini_house,
          gnoll_camp_mini_doghouse, gnoll_camp_mini_loothouse, uniq_sigmund
D:7:      cheibrodos_iron_armory, layout_basic,
          mainiacjoe_overflow_concentric_impassable, billiards_dpeg,
          uniq_maurice
D:8:      layout_cave_pods, erik_lair_island
D:9:      layout_cave_pools
D:10:     layout_loops_cross, orc_0_dummy, enter_bailey_2,
          chequers_serial_rivers_micro_b, hangedman_decor_opposing
D:11:     layout_loops_ring, gauntlet_entry_generic
D:12:     layout_cave_pools, uniq_urug
D:13:     layout_rooms
D:14:     layout_irregular_city, david_vaults_4
D:15:     grunt_enter_depths_snipers, layout_basic,
          hangedman_abyss_or_decor_clamps, serial_bayou, serial_bayou_shore_b,
          serial_bayou_ford_a, serial_bayou_pond_b, serial_bayou_pond_b,
          minmay_fractal_squares_gapless_7
Lair:1:   dreamdust_cave_troll, layout_chaotic_city, enter_volcano_4,
          minivault_23, infiniplex_staircase_pool
Lair:2:   layout_roguey, kennysheep_snail_temple
Lair:3:   layout_layer_cave, minmay_shoals_entry_centaurs,
          spider_nest_entry_funnel_web, lemuel_oklob_altar, grunt_megastairs_5,
          infiniplex_staircase_pool_2
Lair:4:   layout_roguey, gammafunk_ghost_hive
Lair:5:   evilmike_catoblepas_cave, layout_small_grid,
          dpeg_slime_entry_enclosed, eino_small_chamber_without_monster,
          lemuel_fruit_fields, serial_bayou_shore_a, lemuel_fruit_tree,
          uniq_kirke, uniq_sonja
Shoals:1: layout_shoals, yaktaur_hedge, uniq_mlioglotl
Shoals:2: dreamdust_from_the_deep, layout_shoals, uniq_polyphemus
Shoals:3: layout_shoals, nicolae_shop_self_help
Shoals:4: shoals_end_hangedman, layout_shoals, shoals_ilsuiw_ice, serial_shops,
          nicolae_shop_tiny_waterfront
Spider:1: layout_spider_delve, uniq_louise
Spider:2: layout_cave_pods, guppyfry_hornet_nest
Spider:3: layout_spider_delve
Spider:4: grunt_spider_rune_circles, uniq_roxanne
Slime:1:  layout_caves
Slime:2:  layout_caves
Slime:3:  layout_caves
Slime:4:  layout_caves
Slime:5:  slime_pit_nicolae_amoeboid
Orc:1:    layout_caves, basic_altar
Orc:2:    pf_orc_diabolical, layout_caves, serial_shops,
          nicolae_shop_statue_plus, nicolae_orc_damp_corner
Elf:1:    nicolae_elf_arrival_aired_out, layout_loops_corners, serial_shops,
          nicolae_shop_real_fake_doors, minmay_elf_sorcery
Elf:2:    nicolae_elf_blades_splatter_lattice
          [nicolae_blade_entry_area_security], layout_loops_cross,
          portal_desolation_entry_ruin, nicolae_rare_books
Elf:3:    minmay_elf_hall_hex, layout_geoelf_diagonals, gammafunk_ghost_split,
          serial_shops, shop, nicolae_elf_big_sculpture_2,
          hangedman_feature_mirror, corner_web_ring
Vaults:1: mu_enter_wizlab_5, nicolae_vaults_frosty_reception,
          nicolae_vaults_cornered_office, nicolae_vaults_what_the_h,
          vaults_room_fours, hangedman_vaults_hat, nicolae_vaults_double_plus_1,
          nicolae_vaults_sesquioval_fish, vaults_dpeg_spiral,
          nicolae_vaults_diagonal_hallway_7, ontoclasm_vaults_loading_screen,
          nicolae_vaults_double_plus_1, vaults_dpeg_ring,
          nicolae_vaults_tetromino_L_1, layout_vaults_maze_bifur, serial_shops,
          nicolae_shop_tiny_glass
Vaults:2: minmay_crypt_entry_necro_gods, nicolae_vaults_network_quinsquares
          [nicolae_vaults_network_quincunx_subvault,
          nicolae_vaults_network_quincunx_subvault,
          nicolae_vaults_network_quincunx_subvault,
          nicolae_vaults_network_quincunx_subvault],
          hangedman_vaults_river_flow, vaults_mumra_minichess_inversion,
          grunt_vaults_focal, nicolae_vaults_shock_wave,
          hangedman_vaults_stitches, v_misc_4,
          nicolae_vaults_trapezoid_lopsided_1, vaults_standard_mumra_x,
          nicolae_vaults_tetromino_Z_1, vaults_mumra_lcd, layout_vaults_omnibox,
          serial_shops, nicolae_shop_hallway_stairs
Vaults:3: v_misc_4, nicolae_vaults_sealed_display, grunt_vaults_hallway_long,
          nicolae_vaults_heart-shaped_vault, nicolae_vaults_steering_wheel,
          nicolae_vaults_murder_corner, v_misc_10, v_pattern_1,
          nicolae_vaults_asterisk, nicolae_vaults_shelves_hall,
          nicolae_vaults_double_plus_2, grunt_vaults_hallway_short,
          layout_vaults_chaotic_city
Vaults:4: nicolae_vaults_diagonal_hallway_6, nicolae_vaults_stepped_doors,
          v_pattern_3, nicolae_vaults_tetromino_Z_2,
          nicolae_vaults_taking_the_gang_shopping, nicolae_vaults_specimen_jars,
          nicolae_vaults_wine_cellar, nicolae_vaults_shelves_hall,
          vaults_room_corners, layout_vaults_omnigrid, serial_shops,
          nicolae_shop_gaudy_bauble
Vaults:5: uniq_xtahua, uniq_mara
Crypt:1:  layout_gridlike, grunt_crypt_arrival_split
Crypt:2:  layout_misc_corridors, lemuel_mausoleum_altar_yredelemnul
Crypt:3:  david_glass_crypt, layout_misc_corridors, basic_altar,
          serial_sigils_hangedman_scratch, grunt_megastairs_4
Tomb:1
Tomb:2
Tomb:3
Depths:1: layout_cross, abyss_entry, pf_coc_iceberg, serial_shops, shop,
          kennysheep_generic_room_13, minmay_shoptagon
Depths:2: kennysheep_windowed_halls, layout_small_grid, minmay_room_of_horrors,
          hell_entry, grunt_pan_entry_spiral, moated_statue,
          corexii_corridor_pit, kennysheep_flooded_box,
          kennysheep_cross_bottleneck, minmay_staircase_bubble,
          minmay_shop_grove
Depths:3: thingy_vault_2, layout_basic, enter_ziggurat_a, hell_entry,
          rand_demon_pan_entry_4, abyss_entry_small_statue_room,
          minmay_curled_crystal, minmay_misc_feat_nine_boxes
Depths:4: evilmike_zot_entry_argh, layout_cave_shapes, grunt_mini_vestibule,
          special_room [special_room_morgue], tso_altar, nicolae_tricolors
Hell
Dis:1:    layout_jigsaw, nicolae_dis_grated_feature
Dis:2:    kennysheep_iron_temple, layout_jigsaw
Dis:3:    layout_jigsaw
Dis:4:    layout_subdivisions
Dis:5:    layout_gridville, nicolae_dis_liches_on_tour
Dis:6:    layout_jigsaw, nicolae_hells_fiendish_ambush
Dis:7:    dis_hangedman
Geh:1:    layout_gehenna_lava_caves
Geh:2:    layout_gehenna_lava_caves
Geh:3:    layout_gehenna_pools_triple, nicolae_geh_amphitheater,
          tekkud_geh_sculpture_garden
Geh:4:    layout_gehenna_pools_box, hangedman_elemental_grid_stream
Geh:5:    layout_gehenna_lava_caves
Geh:6:    layout_gehenna_pools_box, nicolae_geh_lavax
Geh:7:    geh_old
Coc:1:    layout_cocytus_delve
Coc:2:    nicolae_coc_icebeans_plural [nicolae_sub_coc_subbean,
          nicolae_sub_coc_subbean, nicolae_sub_coc_subbean,
          nicolae_sub_coc_subbean], layout_cocytus_delve
Coc:3:    nicolae_coc_bergin, layout_cocytus_water_paths
Coc:4:    nicolae_coc_caina, layout_cocytus_water_paths
Coc:5:    nicolae_coc_naught_crossing, layout_ice_bergs
Coc:6:    layout_ice_bergs
Coc:7:    coc_old
Tar:1:    layout_grid_maze
Tar:2:    layout_grid_maze, nicolae_tar_cuneiform_two, nicolae_tar_grid_combs
Tar:3:    layout_grid_maze, nicolae_tar_honey_chapel
Tar:5:    layout_cathedral_of_symmetry
Tar:6:    layout_grid_maze, nicolae_tar_combstack
Tar:7:    tar_old
Zot:1:    layout_gridlike, nicolae_diode_stairs
Zot:2:    grunt_twist_and_shout, layout_cathedral_of_symmetry,
          regret_index_zotdec_stipple_waver, uniq_tiamat
Zot:3:    gammafunk_sealed_library, layout_gridlike, skrybe_zot_glass_1,
          regret_index_zotdec_plus
Zot:4:    circus_mu, layout_twisted_circle, st_stairs_2
Zot:5:    layout_twisted_circle, hellmonk_bargain_basement

Skill      XL: |  1  2  3  4  5  6  7  8  9 10 11 12 13 14 15 16 17 18 19 20 21 22 23 24 25 26 27 |
---------------+----------------------------------------------------------------------------------+-----
Stealth        | 1 2 3 4 5 6 8 10 12 14 | 14.6
Fighting       | 2 3 4 5 6 7 8 10 11 12 13 14 18 19 20 21 22 27 | 27.0
Dodging        | 2 3 4 5 6 7 8 10 11 12 13 14 16 18 20 21 22 27 | 27.0
Ranged Weapons | 4 5 6 7 9 11 12 13 16 18 19 20 22 27 | 27.0
Throwing       | 2 3 6 |  6.0
Evocations     | 2 4 5 6 9 12 16 27 | 27.0
Armour         | 3 4 5 6 10 16 | 16.0
Translocations | 6 8 9 15 | 15.0
Shapeshifting  | 13 18 22 23 | 23.0
Hexes          | 3 8 |  8.0

Action                     |  1- 3 |  4- 6 |  7- 9 | 10-12 | 13-15 | 16-18 | 19-21 | 22-24 | 25-27 || total
---------------------------+-------+-------+-------+-------+-------+-------+-------+-------+-------++-------
   Fire: Shortbow          |   123 |   263 |   539 |       |       |       |       |       |       ||   925
         Orcbow            |       |       |       |   961 |  1109 |       |       |       |       ||  2070
         Arbalest          |       |       |       |       |    59 |       |       |       |       ||    59
         Longbow           |       |       |       |       |   386 |  1055 |  1660 |  2553 |  3331 ||  8985
         Hand cannon       |       |       |       |       |    31 |       |    68 |       |    48 ||   147
         Triple crossbow   |       |       |       |       |       |       |       |       |  1552 ||  1552
  Throw: Dart              |       |     2 |     4 |    12 |    31 |     8 |     5 |     1 |     1 ||    64
         Throwing net      |       |       |       |    10 |       |     3 |       |     1 |     2 ||    16
         Javelin           |       |       |       |       |       |       |       |     6 |       ||     6
   Cast: Blink             |       |       |       |       |       |       |     3 |    12 |    16 ||    31
         Apportation       |       |       |       |       |       |       |       |     4 |    78 ||    82
         Dimensional Bulls |       |       |       |       |       |       |       |       |    79 ||    79
Ability: Evoke Invisibilit |       |       |       |       |       |     3 |       |       |       ||     3
  Evoke: Wand              |       |       |     1 |    13 |    14 |    13 |     3 |       |    21 ||    65
         Phantom mirror    |       |       |       |       |       |       |     2 |     1 |       ||     3
         Sack of spiders   |       |       |       |       |       |       |       |     2 |     3 ||     5
         Lightning rod     |       |       |       |       |       |       |       |     4 |     4 ||     8
         Condenser vane    |       |       |       |       |       |       |       |       |     3 ||     3
    Use: Scroll            |       |       |     7 |     4 |    16 |     5 |     4 |     9 |    54 ||    99
         Potion            |       |       |       |     2 |     2 |     1 |     2 |     3 |    17 ||    27
 Armour: Leather armour    |    35 |    57 |    98 |   144 |   277 |   111 |   182 |   248 |  1156 ||  2308
         Troll leather arm |       |       |    16 |   106 |       |       |       |       |       ||   122
  Dodge: Dodged            |    24 |    54 |   150 |   408 |   566 |   339 |   746 |  1275 |  6570 || 10132
  Block: Other             |       |       |       |       |       |       |       |    34 |       ||    34
   Form: Death             |       |       |       |       |       |       |       |       |    10 ||    10
                           |       |       |       |       |       |       |       |       |     8 ||     8

Table legend: (Time is in decaauts)
 A = Elapsed time spent in this place.
 B = Non-inter-level travel time spent in this place.
 C = Inter-level travel time spent in this place.
 D = Time resting spent in this place.
 E = Time spent auto-exploring this place.
 F = Levels seen in this place.
 G = Mean time per level.
                   A        B        C        D        E       F      G
               +--------+--------+--------+--------+--------+-----+--------+
         Total |  75223 |  65864 |   9359 |   3718 |  36251 | 123 |  611.6 |
       Dungeon |  16073 |  12884 |   3189 |    796 |   8813 |  15 | 1071.5 |
          Lair |   6997 |   5859 |   1138 |    195 |   3779 |   5 | 1399.4 |
        Shoals |   4035 |   3620 |    415 |    232 |   2431 |   4 | 1008.8 |
   Spider Nest |   3681 |   3474 |    207 |    296 |   2372 |   4 |  920.2 |
    Slime Pits |    703 |    617 |     86 |     25 |      0 |   5 |  140.6 |
  Orcish Mines |   3437 |   2943 |    494 |    581 |   1314 |   2 | 1718.5 |
   Elven Halls |   3651 |   3318 |    333 |    716 |   1859 |   3 | 1217.0 |
        Vaults |   6321 |   5776 |    545 |      9 |   3869 |   5 | 1264.2 |
         Crypt |   3052 |   2715 |    337 |     55 |   1802 |   3 | 1017.3 |
          Tomb |   1551 |   1351 |    200 |     40 |      0 |   3 |  517.0 |
        Depths |   4473 |   3357 |   1116 |     30 |   2476 |   4 | 1118.2 |
          Hell |    823 |    672 |    151 |     83 |    282 |   1 |  823.0 |
           Dis |   2858 |   2611 |    247 |     59 |   1534 |   7 |  408.3 |
       Gehenna |   1649 |   1464 |    185 |     25 |    866 |   7 |  235.6 |
       Cocytus |   1455 |   1217 |    238 |     46 |    398 |   7 |  207.9 |
      Tartarus |   1529 |   1385 |    144 |      4 |    480 |   6 |  254.8 |
           Zot |   4105 |   3775 |    330 |     35 |   2602 |   5 |  821.0 |
         Abyss |    671 |    671 |      0 |      0 |      0 |   4 |  167.8 |
   Pandemonium |   4569 |   4569 |      0 |    188 |    165 |  19 |  240.5 |
      Ziggurat |    342 |    342 |      0 |      0 |     93 |   8 |   42.8 |
         Sewer |    364 |    364 |      0 |      0 |    188 |   1 |  364.0 |
        Bailey |    900 |    900 |      0 |     36 |    374 |   1 |  900.0 |
       Volcano |    927 |    927 |      0 |    231 |    378 |   1 |  927.0 |
        Wizlab |     62 |     62 |      0 |     13 |      0 |   1 |   62.0 |
    Desolation |    783 |    783 |      0 |     18 |    172 |   1 |  783.0 |
      Gauntlet |    201 |    201 |      0 |      0 |      0 |   1 |  201.0 |
               +--------+--------+--------+--------+--------+-----+--------+

Top non-repeatable levels by time:
   Orc:2: 2840 daAuts
  Lair:5: 1994 daAuts
   Elf:3: 1812 daAuts
     D:7: 1763 daAuts
    D:15: 1580 daAuts
Vaults:5: 1500 daAuts
Vaults:3: 1474 daAuts
Depths:2: 1471 daAuts
  Lair:3: 1363 daAuts
Vaults:2: 1321 daAuts
  Lair:1: 1308 daAuts
Depths:4: 1307 daAuts
  Lair:2: 1259 daAuts
    D:14: 1235 daAuts
     D:8: 1222 daAuts
